Workbook
Name Additional_Factor: 'אפשרויות בחירה'!$C$701:$C$850
Name Amoritization: 'אפשרויות בחירה'!$C$546:$C$550
Name Capsule: 'אפשרויות בחירה'!$C$926:$C$928
Name Company_Name: 'File Name Info'!$A$34:$A$120
Name Company_Name_ID: 'File Name Info'!$A$34:$B$120
Name Consortium: 'אפשרויות בחירה'!$C$514:$C$515
Name Country_list: 'אפשרויות בחירה'!$C$4:$C$85
Name Country_list_funds: 'אפשרויות בחירה'!$C$4:$C$103
Name CSA: 'אפשרויות בחירה'!$C$688:$C$689
Name Delivery: 'אפשרויות בחירה'!$C$666:$C$667
Name Dependence_Independence: 'אפשרויות בחירה'!$C$654:$C$655
Name Duration_Underlying_Interest_Rate: 'אפשרויות בחירה'!$C$680:$C$687
Name File_Type: 'File Name Info'!$A$10:$A$12
Name Full_File_Type: 'File Name Info'!$A$11:$B$13
Name Full_Type: 'File Name Info'!$A$2:$B$8
Name Full_Type_Nostro: 'File Name Info'!$A$3:$B$6
Name Full_Year: 'File Name Info'!$A$22:$B$31
Name Fund_Strategy: 'אפשרויות בחירה'!$C$597:$C$621
Name Fund_type: 'אפשרויות בחירה'!$C$328:$C$498
Name Holding_interest: 'אפשרויות בחירה'!$C$146:$C$147
Name In_the_books: 'אפשרויות בחירה'!$C$656:$C$657
Name Industry_Sector: 'אפשרויות בחירה'!$C$1129:$C$1245
Name Industry_sector_all: 'אפשרויות בחירה'!$C$202:$C$327
Name Industry_sectors: 'אפשרויות בחירה'!$C$202:$C$327
Name israel_abroad: 'אפשרויות בחירה'!$C$2:$C$3
Name Issuer_Number_Banks: 'אפשרויות בחירה'!$C$111:$C$113
Name Issuer_Number_Fund: 'אפשרויות בחירה'!$C$114:$C$117
Name issuer_number_loan: 'אפשרויות בחירה'!$C$118:$C$126
Name Issuer_Number_Type: 'אפשרויות בחירה'!$C$104:$C$110
Name Issuer_Number_Type_2: 'אפשרויות בחירה'!$C$1076:$C$1079
Name Issuer_Number_Type_3: 'אפשרויות בחירה'!$C$1081:$C$1085
Name Issuer_Number_Type_V2: 'אפשרויות בחירה'!$C$104:$C$110
Name Issuer_Type_TFunds: 'אפשרויות בחירה'!$C$1087:$C$1089
Name Leading_factor: 'אפשרויות בחירה'!$C$692:$C$700
Name Linked_Type: 'אפשרויות בחירה'!$C$516:$C$519
Name other_investments: 'אפשרויות בחירה'!$C$1000:$C$1033
Name Penalty: 'אפשרויות בחירה'!$C$851:$C$852
Name QTR: 'File Name Info'!$A$15:$A$19
Name Rating_Agency: 'אפשרויות בחירה'!$C$188:$C$201
Name real_estate_lifestage: 'אפשרויות בחירה'!$C$634:$C$642
Name real_estate_loans: 'אפשרויות בחירה'!$C$553:$C$591
Name Real_Estate_Main_Use: 'אפשרויות בחירה'!$C$622:$C$633
Name Recourse_Nonrecourse: 'אפשרויות בחירה'!$C$544:$C$545
Name Repayment_Rights: 'אפשרויות בחירה'!$C$551:$C$552
Name Reset_frequency: 'אפשרויות בחירה'!$C$658:$C$665
Name Security_ID_Number_Type: 'אפשרויות בחירה'!$C$1113:$C$1116
Name Security_Number_Loans: 'אפשרויות בחירה'!$C$131
Name Stock_Exchange: 'אפשרויות בחירה'!$C$1283:$C$1315
Name Stock_Exchange_Gov_Bonds: 'אפשרויות בחירה'!$C$148:$C$181
Name Subordination_Risk: 'אפשרויות בחירה'!$C$186:$C$187
Name Tradeable_Status: 'אפשרויות בחירה'!$C$1272:$C$1281
Name Tradeable_Status_All: 'אפשרויות בחירה'!$C$135:$C$145
Name tradeable_status_bonds: 'אפשרויות בחירה'!$C$1248:$C$1253
Name tradeable_status_funds: 'אפשרויות בחירה'!$C$1118:$C$1119
Name tradeable_status_stock: 'אפשרויות בחירה'!$C$1255:$C$1259
Name Tradeable_Status_v2: 'אפשרויות בחירה'!$C$1121:$C$1126
Name tradeable_status_warrants: 'אפשרויות בחירה'!$C$1261:$C$1265
Name tradeable_status_warrants_v2: 'אפשרויות בחירה'!$C$1267:$C$1269
Name Transaction: 'אפשרויות בחירה'!$C$643:$C$646
Name Type: 'File Name Info'!$A$2:$A$8

Sheet עמוד פתיחה
A1: קובץ דיווח עבור רשימת נכסים ברמת הנכס הבודד (חוזר גופים מוסדיים 215-9-14)
A3: יש לבחור תחום: | D3: נכסי עמיתים - קופות גמל
A5: האם מדובר בקובץ לממומנה או לציבור: | D5: לממונה
A7: יש לבחור את רבעון הדיווח: | D7: 02
A9: יש לבחור את שנת הדיווח: | D9: 2026
A11: יש לבחור את הגוף המוסדי: | D11: החברה לניהול קרן השתלמות למשפטנים בע"מ
A13: ח.פ. הגוף המוסדי: | D13: 520028861
A15: שם קובץ לשמירה
A17: פרטי האחראי על הדיווח בגוף המוסדי | B17: שם:
B19: מספר טלפון:
B21: כתובת מייל:
A23: הוראות למילוי הדיווח: | D23: יש לדווח לפי ההנחיות בחלק ג` לנספח 5.4.3.2 שבפרק 3 שבחלק 4 לשער 5 בחוזר המאוחד.

Sheet סכום נכסים
C1: ידווח בקבצי נכסי הנוסטרו בלבד
B2: שווי הוגן (באלפי ש"ח) | C2: עלות מופחתת (באלפי ש"ח) | D2: השיטה שיושמה בדוח הכספי | E2: שיעור מסך נכסי השקעה
A3: מזומנים ושווי מזומנים | B3: 10983.433 | C3: 0 | D3: 0 | E3: 0.020623309
A4: איגרות חוב ממשלתיות | B4: 87346.599 | C4: 0 | D4: 0 | E4: 0.16400845
A5: ניירות ערך מסחריים | B5: 0 | C5: 0 | D5: 0 | E5: 0
A6: איגרות חוב | B6: 121497.8 | C6: 0 | D6: 0 | E6: 0.22813328
A7: מניות, מניות בכורה ויחידות השתתפות | B7: 123323.48 | C7: 0 | D7: 0 | E7: 0.2315613
A8: קרנות סל | B8: 149417.37 | C8: 0 | D8: 0 | E8: 0.28055714
A9: קרנות נאמנות | B9: 1628.8036 | C9: 0 | D9: 0 | E9: 0.0030583624
A10: כתבי אופציה | B10: 0 | C10: 0 | D10: 0 | E10: 0
A11: אופציות | B11: 0 | C11: 0 | D11: 0 | E11: 0
A12: חוזים עתידיים | B12: 0 | C12: 0 | D12: 0 | E12: 0
A13: מוצרים מובנים | B13: 0 | C13: 0 | D13: 0 | E13: 0
A14: לא סחיר איגרות חוב ממשלתיות | B14: 0 | C14: 0 | D14: 0 | E14: 0
... A32: יתרות התחייבויות להשקעה | B32: 2934.803 | C32: 0 | D32: 0 | E32: 0.0055106037

Sheet מזומנים ושווי מזומנים
A1: מספר קופה/קרן/ח.פ. עבור חברת ביטוח | B1: מספר מסלול | C1: שם הבנק | D1: מספר מזהה בנק | E1: סוג מספר מזהה בנק | F1: מאפיין עיקרי | G1: ישראל/חו"ל | H1: בעל עניין/צד קשור | I1: דירוג הבנק | J1: שם מדרג | K1: מטבע פעילות | L1: שווי מטבעי | M1: שער חליפין | N1: שיעור ריבית | O1: שווי הוגן (באלפי ש"ח) | P1: שיעור מנכסי אפיק ההשקעה | Q1: שיעור מסך נכסי ההשקעה
A2: 292 | B2: 292 | C2: בנק הפועלים בע"מ | D2: 12-509 | E2: סימול בנק | F2: מזומן ועו"ש נקוב במט"ח | G2: ישראל | H2: לא | I2: ilAAA | J2: מעלות S&P | K2: USD | L2: 0 | M2: 2.978 | N2: 0 | O2: 0 | P2: 0 | Q2: 0
A3: 292 | B3: 292 | C3: בנק הפועלים בע"מ | D3: 12-509 | E3: סימול בנק | F3: מזומן ועו"ש בש"ח | G3: ישראל | H3: לא | I3: ilAAA | J3: מעלות S&P | K3: ILS | L3: 0 | M3: 1 | N3: 0 | O3: 1e-05 | P3: 0 | Q3: 0
A4: 292 | B4: 292 | C4: בנק הפועלים בע"מ | D4: 12-509 | E4: סימול בנק | F4: מזומן ועו"ש נקוב במט"ח | G4: ישראל | H4: לא | I4: ilAAA | J4: מעלות S&P | K4: EUR | L4: 7.9247 | M4: 3.3945 | N4: 0 | O4: 26.90049 | P4: 0.0025463 | Q4: 5.26e-05
A5: 292 | B5: 292 | C5: בנק הפועלים בע"מ | D5: 12-509 | E5: סימול בנק | F5: מזומן ועו"ש בש"ח | G5: ישראל | H5: לא | I5: ilAAA | J5: מעלות S&P | K5: ILS | L5: 233.5217 | M5: 1 | N5: 0 | O5: 233.52171 | P5: 0.0221043 | Q5: 0.0004567
A6: 292 | B6: 292 | C6: בנק הפועלים בע"מ | D6: 12-509 | E6: סימול בנק | F6: מזומן ועו"ש בש"ח | G6: ישראל | H6: לא | I6: ilAAA | J6: מעלות S&P | K6: ILS | L6: 4577.7567 | M6: 1 | N6: 0 | O6: 4577.7567 | P6: 0.4333129 | Q6: 0.0089522
A7: 292 | B7: 292 | C7: בנק הפועלים בע"מ | D7: 12-509 | E7: סימול בנק | F7: מזומן ועו"ש נקוב במט"ח | G7: ישראל | H7: לא | I7: ilAAA | J7: מעלות S&P | K7: USD | L7: 1922.8919 | M7: 2.978 | N7: 0 | O7: 5726.3722 | P7: 0.5420365 | Q7: 0.0111985
A8: 292 | B8: 1454 | C8: בנק הפועלים בע"מ | D8: 12-509 | E8: סימול בנק | F8: מזומן ועו"ש נקוב במט"ח | G8: ישראל | H8: לא | I8: ilAAA | J8: מעלות S&P | K8: USD | L8: 0 | M8: 2.978 | N8: 0 | O8: 0 | P8: 0 | Q8: 0
A9: 292 | B9: 1454 | C9: בנק הפועלים בע"מ | D9: 12-509 | E9: סימול בנק | F9: מזומן ועו"ש נקוב במט"ח | G9: ישראל | H9: לא | I9: ilAAA | J9: מעלות S&P | K9: SGD | L9: 0.0118 | M9: 2.2993 | N9: 0 | O9: 0.02736 | P9: 8.2e-05 | Q9: 1.6e-06
A10: 292 | B10: 1454 | C10: בנק הפועלים בע"מ | D10: 12-509 | E10: סימול בנק | F10: מזומן ועו"ש בש"ח | G10: ישראל | H10: לא | I10: ilAAA | J10: מעלות S&P | K10: ILS | L10: 0.7342 | M10: 1 | N10: 0 | O10: 0.73426 | P10: 0.0022019 | Q10: 4.34e-05
A11: 292 | B11: 1454 | C11: בנק הפועלים בע"מ | D11: 12-509 | E11: סימול בנק | F11: מזומן ועו"ש נקוב במט"ח | G11: ישראל | H11: לא | I11: ilAAA | J11: מעלות S&P | K11: GBP | L11: 0.4408 | M11: 3.9389 | N11: 0 | O11: 1.73646 | P11: 0.0052072 | Q11: 0.0001027
A12: 292 | B12: 1454 | C12: בנק הפועלים בע"מ | D12: 12-509 | E12: סימול בנק | F12: מזומן ועו"ש בש"ח | G12: ישראל | H12: לא | I12: ilAAA | J12: מעלות S&P | K12: ILS | L12: 3.6963 | M12: 1 | N12: 0 | O12: 3.69637 | P12: 0.0110846 | Q12: 0.0002187
A13: 292 | B13: 1454 | C13: בנק הפועלים בע"מ | D13: 12-509 | E13: סימול בנק | F13: מזומן ועו"ש נקוב במט"ח | G13: ישראל | H13: לא | I13: ilAAA | J13: מעלות S&P | K13: EUR | L13: 1.5535 | M13: 3.3945 | N13: 0 | O13: 5.27362 | P13: 0.0158144 | Q13: 0.000312
... A17: 292 | B17: 1455 | C17: בנק הפועלים בע"מ | D17: 12-509 | E17: סימול בנק | F17: פח"ק/פר"י | G17: ישראל | H17: לא | I17: ilAAA | J17: מעלות S&P | K17: ILS | L17: 79.283 | M17: 1 | N17: 0.0328 | O17: 79.28305 | P17: 0.9282421 | Q17: 0.0184548

Sheet איגרות חוב ממשלתיות
A1: מספר קופה/קרן/ח.פ. עבור חברת ביטוח | B1: מספר מסלול | C1: שם מנפיק | D1: שם נייר ערך | E1: מספר נייר ערך | F1: מאפיין עיקרי | G1: ישראל/חו"ל | H1: מדינה לפי חשיפה כלכלית | I1: זירת מסחר | J1: דירוג | K1: שם מדרג | L1: מטבע פעילות | M1: מח"מ | N1: מועד פדיון | O1: שיעור ריבית | P1: תשואה לפדיון | Q1: סכום לקבל (במטבע הפעילות) | R1: ערך נקוב (יחידות) | S1: שער חליפין | T1: שער נייר הערך | U1: שווי הוגן (באלפי ש"ח) | V1: עלות מופחתת (באלפי ש"ח) | W1: השיטה שיושמה בדוח הכספי | X1: שיעור מערך נקוב מונפק | Y1: שיעור מנכסי אפיק ההשקעה | Z1: שיעור מסך נכסי ההשקעה
A2: 292 | B2: 292 | C2: ממשלת ישראל | D2: ממשל צמודה 0536 | E2: IL0010977085 | F2: צמוד למדד המחירים לצרכן בריבית קבועה | G2: ישראל | H2: ישראל | I2: TASE | J2: RF | K2: פנימי | L2: ILS | M2: 8.51 | N2: 30/05/2036 | O2: 0.04 | P2: 0.0187 | Q2: 0 | R2: 1165109 | S2: 1 | T2: 169.52 | U2: 1975.0928 | W2: שווי הוגן | X2: 7.31e-05 | Y2: 0.0231286 | Z2: 0.0038625
A3: 292 | B3: 292 | C3: ממשלת ישראל | D3: ממשל שקלית 0142 | E3: IL0011254005 | F3: לא צמוד למדד המחירים לצרכן ריבית קבועה | G3: ישראל | H3: ישראל | I3: TASE | J3: RF | K3: פנימי | L3: ILS | M3: 11.06 | N3: 31/01/2042 | O3: 0.055 | P3: 0.0394 | Q3: 0 | R3: 19920168 | S3: 1 | T3: 120.13 | U3: 23930.098 | W3: שווי הוגן | X3: 0.0005409 | Y3: 0.2802245 | Z3: 0.0467975
A4: 292 | B4: 292 | C4: ממשלת ישראל | D4: ממשל שקלית 0327 | E4: IL0011393449 | F4: לא צמוד למדד המחירים לצרכן ריבית קבועה | G4: ישראל | H4: ישראל | I4: TASE | J4: RF | K4: פנימי | L4: ILS | M4: 0.75 | N4: 31/03/2027 | O4: 0.02 | P4: 0.0318 | Q4: 0 | R4: 8500000 | S4: 1 | T4: 99.63 | U4: 8468.55 | W4: שווי הוגן | X4: 0.0003011 | Y4: 0.0991678 | Z4: 0.016561
A5: 292 | B5: 292 | C5: ממשלת ישראל | D5: ממשל צמודה 0527 | E5: IL0011408478 | F5: צמוד למדד המחירים לצרכן בריבית קבועה | G5: ישראל | H5: ישראל | I5: TASE | J5: RF | K5: פנימי | L5: ILS | M5: 0.92 | N5: 31/05/2027 | O5: 0.0075 | P5: 0.0172 | Q5: 0 | R5: 560000 | S5: 1 | T5: 119.65 | U5: 670.04 | W5: שווי הוגן | X5: 2.29e-05 | Y5: 0.0078463 | Z5: 0.0013103
A6: 292 | B6: 292 | C6: ממשלת ישראל | D6: ממשל שקלית 0928 | E6: IL0011508798 | F6: לא צמוד למדד המחירים לצרכן ריבית קבועה | G6: ישראל | H6: ישראל | I6: TASE | J6: RF | K6: פנימי | L6: ILS | M6: 2.18 | N6: 28/09/2028 | O6: 0.0225 | P6: 0.0327 | Q6: 0 | R6: 1000000 | S6: 1 | T6: 99.5 | U6: 995 | W6: שווי הוגן | X6: 2.88e-05 | Y6: 0.0116516 | Z6: 0.0019458
A7: 292 | B7: 292 | C7: ממשלת ישראל | D7: ממשל צמודה 0529 | E7: IL0011570236 | F7: צמוד למדד המחירים לצרכן בריבית קבועה | G7: ישראל | H7: ישראל | I7: TASE | J7: RF | K7: פנימי | L7: ILS | M7: 2.9 | N7: 31/05/2029 | O7: 0.005 | P7: 0.0163 | Q7: 0 | R7: 2500000 | S7: 1 | T7: 115.67 | U7: 2891.75 | W7: שווי הוגן | X7: 7.54e-05 | Y7: 0.0338628 | Z7: 0.0056551
A8: 292 | B8: 292 | C8: ממשלת ישראל | D8: ממשל שקלית 0330 | E8: IL0011609851 | F8: לא צמוד למדד המחירים לצרכן ריבית קבועה | G8: ישראל | H8: ישראל | I8: TASE | J8: RF | K8: פנימי | L8: ILS | M8: 3.69 | N8: 31/03/2030 | O8: 0.01 | P8: 0.0335 | Q8: 0 | R8: 6113707 | S8: 1 | T8: 92.07 | U8: 5628.89 | W8: שווי הוגן | X8: 0.0001619 | Y8: 0.065915 | Z8: 0.0110078
A9: 292 | B9: 292 | C9: ממשלת ישראל | D9: ממשל צמודה 0726 | E9: IL0011695645 | F9: צמוד למדד המחירים לצרכן בריבית קבועה | G9: ישראל | H9: ישראל | I9: TASE | J9: RF | K9: פנימי | L9: ILS | M9: 0.08 | N9: 31/07/2026 | O9: 0.001 | P9: 0.0484 | Q9: 0 | R9: 1786257 | S9: 1 | T9: 119.09 | U9: 2127.2535 | W9: שווי הוגן | X9: 0.0001482 | Y9: 0.0249104 | Z9: 0.00416
A10: 292 | B10: 292 | C10: ממשלת ישראל | D10: ממשל צמודה 1131 | E10: IL0011722209 | F10: צמוד למדד המחירים לצרכן בריבית קבועה | G10: ישראל | H10: ישראל | I10: TASE | J10: RF | K10: פנימי | L10: ILS | M10: 5.4 | N10: 30/11/2031 | O10: 0.001 | P10: 0.0165 | Q10: 0 | R10: 3000000 | S10: 1 | T10: 109.97 | U10: 3299.1 | W10: שווי הוגן | X10: 8.76e-05 | Y10: 0.0386329 | Z10: 0.0064517
A11: 292 | B11: 292 | C11: ממשלת ישראל | D11: ממשל שקלית 0432 | E11: IL0011806606 | F11: לא צמוד למדד המחירים לצרכן ריבית קבועה | G11: ישראל | H11: ישראל | I11: TASE | J11: RF | K11: פנימי | L11: ILS | M11: 5.63 | N11: 30/04/2032 | O11: 0.013 | P11: 0.0347 | Q11: 0 | R11: 12000000 | S11: 1 | T11: 88.94 | U11: 10672.8 | W11: שווי הוגן | X11: 0.000292 | Y11: 0.1249798 | Z11: 0.0208717
A12: 292 | B12: 292 | C12: ממשלת ישראל | D12: ממשל שקלית 0229 | E12: IL0011948028 | F12: לא צמוד למדד המחירים לצרכן ריבית קבועה | G12: ישראל | H12: ישראל | I12: TASE | J12: RF | K12: פנימי | L12: ILS | M12: 2.56 | N12: 28/02/2029 | O12: 0.0375 | P12: 0.033 | Q12: 0 | R12: 2000000 | S12: 1 | T12: 102.39 | U12: 2047.8 | W12: שווי הוגן | X12: 5.71e-05 | Y12: 0.02398 | Z12: 0.0040047
A13: 292 | B13: 292 | C13: ממשלת ישראל | D13: ממשל צמודה 1028 | E13: IL0011973265 | F13: צמוד למדד המחירים לצרכן בריבית קבועה | G13: ישראל | H13: ישראל | I13: TASE | J13: RF | K13: פנימי | L13: ILS | M13: 2.3 | N13: 31/10/2028 | O13: 0.011 | P13: 0.0168 | Q13: 0 | R13: 7500000 | S13: 1 | T13: 107.38 | U13: 8053.5 | W13: שווי הוגן | X13: 0.0002225 | Y13: 0.0943075 | Z13: 0.0157494
... A33: 292 | B33: 1455 | C33: ממשלת ישראל | D33: 07/31 3.75% ממשל שקלית | E33: IL0012337825 | F33: לא צמוד למדד המחירים לצרכן ריבית קבועה | G33: ישראל | H33: ישראל | I33: TASE | J33: RF | K33: פנימי | L33: ILS | M33: 4.64 | N33: 31/07/2031 | O33: 0.0375 | P33: 0.034 | Q33: 0 | R33: 220000 | S33: 1 | T33: 103.41 | U33: 227.502 | W33: שווי הוגן | X33: 1.55e-05 | Y33: 0.1166425 | Z33: 0.052956

Sheet ניירות ערך מסחריים
A1: מספר קופה/קרן/ח.פ. עבור חברת ביטוח | B1: מספר מסלול | C1: שם מנפיק | D1: מספר מנפיק | E1: סוג מספר מזהה מנפיק | F1: שם נייר ערך | G1: מספר נייר ערך | H1: סוג מספר נייר ערך | I1: מאפיין עיקרי | J1: ישראל/חו"ל | K1: מדינה לפי חשיפה כלכלית | L1: זירת מסחר | M1: ענף מסחר | N1: בעל עניין/צד קשור | O1: דירוג | P1: שם מדרג | Q1: דירוג נייר הערך/המנפיק | R1: מטבע פעילות | S1: מח"מ | T1: ריבית עוגן | U1: מועד פדיון | V1: שיעור ריבית | W1: תשואה לפדיון | X1: נחיתות חוזית | Y1: האם סווג כחוב בעייתי | Z1: ערך נקוב (יחידות) | AA1: שער חליפין | AB1: שער נייר הערך | AC1: סכום לקבל (במטבע הפעילות) | AD1: שווי הוגן (באלפי ש"ח) | AE1: עלות מופחתת (באלפי ש"ח) | AF1: עלות מופחתת (במטבע הפעילות) | AG1: השיטה שיושמה בדוח הכספי | AH1: שיעור מערך נקוב מונפק | AI1: שיעור מנכסי אפיק ההשקעה | AJ1: שיעור מסך נכסי ההשקעה
A2: 292 | B2: 292
A3: 292 | B3: 1454
A4: 292 | B4: 1455

Sheet איגרות חוב
A1: מספר קופה/קרן/ח.פ. עבור חברת ביטוח | B1: מספר מסלול | C1: שם מנפיק | D1: מספר מנפיק | E1: סוג מספר מזהה מנפיק | F1: שם נייר ערך | G1: מספר נייר ערך | H1: סוג מספר נייר ערך | I1: מאפיין עיקרי | J1: ישראל/חו"ל | K1: מדינה לפי חשיפה כלכלית | L1: סטאטוס סחירות | M1: זירת מסחר | N1: ענף מסחר | O1: בעל עניין/צד קשור | P1: דירוג | Q1: שם מדרג | R1: דירוג נייר הערך/המנפיק | S1: מטבע פעילות | T1: מח"מ | U1: מועד פדיון | V1: שיעור ריבית | W1: תשואה לפדיון | X1: נחיתות חוזית | Y1: האם סווג כחוב בעייתי | Z1: ערך נקוב (יחידות) | AA1: שער חליפין | AB1: שער נייר הערך | AC1: סכום לקבל (במטבע הפעילות) | AD1: שווי הוגן (באלפי ש"ח) | AE1: עלות מופחתת (באלפי ש"ח) | AF1: עלות מופחתת (במטבע הפעילות) | AG1: השיטה שיושמה בדוח הכספי | AH1: שיעור מערך נקוב מונפק | AI1: שיעור מנכסי אפיק ההשקעה | AJ1: שיעור מסך נכסי ההשקעה
A2: 292 | B2: 292 | C2: אזורים | D2: 520025990 | E2: ח.פ. | F2: אזורים אגח 14 | G2: IL0071504448 | H2: ISIN | I2: לא צמוד למדד המחירים לצרכן | J2: ישראל | K2: ישראל | L2: סחיר | M2: TASE | N2: בנייה | O2: לא | P2: A1.il | Q2: מידרוג Moodys | R2: נייר ערך | S2: ILS | T2: 1.32 | U2: 31/12/2028 | V2: 0.0255 | W2: 0.0414 | X2: החוב לא נחות | Y2: לא | Z2: 658564.2 | AA2: 1 | AB2: 98.01 | AC2: 0 | AD2: 645.45877 | AG2: שווי הוגן | AH2: 0.0012237 | AI2: 0.0053807 | AJ2: 0.0012623
A3: 292 | B3: 292 | C3: אפי נכסים | D3: 510560188 | E3: ח.פ. | F3: אפי נכסים אגח יז | G3: IL0012203837 | H3: ISIN | I3: לא צמוד למדד המחירים לצרכן | J3: ישראל | K3: ישראל | L3: סחיר | M3: TASE | N3: נדל"ן מניב בישראל | O3: לא | P3: A1.il | Q3: מידרוג Moodys | R3: נייר ערך | S3: ILS | T3: 4.01 | U3: 30/03/2033 | V3: 0.055 | W3: 0.042 | X3: החוב לא נחות | Y3: לא | Z3: 285140 | AA3: 1 | AB3: 106.82 | AC3: 0 | AD3: 304.58654 | AG3: שווי הוגן | AH3: 0.0002851 | AI3: 0.0025391 | AJ3: 0.0005956
A4: 292 | B4: 292 | C4: מגדל ביטוח גיוס הון בע"מ | D4: 513230029 | E4: ח.פ. | F4: מגדל הון אגח יב | G4: IL0011975732 | H4: ISIN | I4: לא צמוד למדד המחירים לצרכן | J4: ישראל | K4: ישראל | L4: סחיר | M4: TASE | N4: ביטוח | O4: לא | P4: A1.il | Q4: מידרוג Moodys | R4: נייר ערך | S4: ILS | T4: 4.86 | U4: 31/12/2036 | V4: 0.054 | W4: 0.0397 | X4: החוב לא נחות | Y4: לא | Z4: 1000000 | AA4: 1 | AB4: 107.2 | AC4: 0 | AD4: 1072 | AG4: שווי הוגן | AH4: 0.0017497 | AI4: 0.0089364 | AJ4: 0.0020964
A5: 292 | B5: 292 | C5: מגדל ביטוח גיוס הון בע"מ | D5: 513230029 | E5: ח.פ. | F5: מגדל הון אגח יג | G5: IL0012075136 | H5: ISIN | I5: לא צמוד למדד המחירים לצרכן | J5: ישראל | K5: ישראל | L5: סחיר | M5: TASE | N5: ביטוח | O5: לא | P5: A1.il | Q5: מידרוג Moodys | R5: נייר ערך | S5: ILS | T5: 5.54 | U5: 31/12/2037 | V5: 0.0607 | W5: 0.0401 | X5: החוב לא נחות | Y5: לא | Z5: 500000 | AA5: 1 | AB5: 111.89 | AC5: 0 | AD5: 559.45 | AG5: שווי הוגן | AH5: 0.000795 | AI5: 0.0046637 | AJ5: 0.0010941
A6: 292 | B6: 292 | C6: מגדל ביטוח גיוס הון בע"מ | D6: 513230029 | E6: ח.פ. | F6: מגדל הון אגח יד | G6: IL0012075219 | H6: ISIN | I6: לא צמוד למדד המחירים לצרכן | J6: ישראל | K6: ישראל | L6: סחיר | M6: TASE | N6: ביטוח | O6: לא | P6: A1.il | Q6: מידרוג Moodys | R6: נייר ערך | S6: ILS | T6: 6.23 | U6: 31/12/2038 | V6: 0.0607 | W6: 0.041 | X6: החוב לא נחות | Y6: לא | Z6: 2500000 | AA6: 1 | AB6: 112.9 | AC6: 0 | AD6: 2822.5 | AG6: שווי הוגן | AH6: 0.0039754 | AI6: 0.0235289 | AJ6: 0.0055197
A7: 292 | B7: 292 | C7: אאורה | D7: 520038274 | E7: ח.פ. | F7: אאורה אגח יז | G7: IL0011935801 | H7: ISIN | I7: צמוד למדד המחירים לצרכן | J7: ישראל | K7: ישראל | L7: סחיר | M7: TASE | N7: בנייה | O7: לא | P7: A2.il | Q7: מידרוג Moodys | R7: נייר ערך | S7: ILS | T7: 1.59 | U7: 31/01/2029 | V7: 0.0385 | W7: 0.0273 | X7: החוב לא נחות | Y7: לא | Z7: 800000 | AA7: 1 | AB7: 113.76 | AC7: 0 | AD7: 910.08 | AG7: שווי הוגן | AH7: 0.0033333 | AI7: 0.0075866 | AJ7: 0.0017797
A8: 292 | B8: 292 | C8: אאורה | D8: 520038274 | E8: ח.פ. | F8: אאורה אגח יט | G8: IL0012232968 | H8: ISIN | I8: לא צמוד למדד המחירים לצרכן | J8: ישראל | K8: ישראל | L8: סחיר | M8: TASE | N8: נדל"ן מניב בישראל | O8: לא | P8: A2.il | Q8: מידרוג Moodys | R8: נייר ערך | S8: ILS | T8: 4.08 | U8: 30/08/2032 | V8: 0.058 | W8: 0.0452 | X8: החוב לא נחות | Y8: לא | Z8: 2078470 | AA8: 1 | AB8: 107.43 | AC8: 0 | AD8: 2232.9003 | AG8: שווי הוגן | AH8: 0.0041569 | AI8: 0.0186139 | AJ8: 0.0043666
A9: 292 | B9: 292 | C9: אדגר השקעות | D9: 520035171 | E9: ח.פ. | F9: אדגר אגח יא | G9: IL0018202817 | H9: ISIN | I9: צמוד למדד המחירים לצרכן | J9: ישראל | K9: ישראל | L9: סחיר | M9: TASE | N9: נדל"ן מניב בחו"ל | O9: לא | P9: A2.il | Q9: מידרוג Moodys | R9: נייר ערך | S9: ILS | T9: 2.17 | U9: 31/03/2030 | V9: 0.0245 | W9: 0.0266 | X9: החוב לא נחות | Y9: לא | Z9: 1314782.6 | AA9: 1 | AB9: 119.32 | AC9: 0 | AD9: 1568.7986 | AG9: שווי הוגן | AH9: 0.0035173 | AI9: 0.0130778 | AJ9: 0.0030679
A10: 292 | B10: 292 | C10: אדגר השקעות | D10: 520035171 | E10: ח.פ. | F10: אדגר אגח יב | G10: IL0018203310 | H10: ISIN | I10: צמוד למדד המחירים לצרכן | J10: ישראל | K10: ישראל | L10: סחיר | M10: TASE | N10: נדל"ן מניב בחו"ל | O10: לא | P10: A2.il | Q10: מידרוג Moodys | R10: נייר ערך | S10: ILS | T10: 2.86 | U10: 31/03/2031 | V10: 0.0043 | W10: 0.0258 | X10: החוב לא נחות | Y10: לא | Z10: 1654880.3 | AA10: 1 | AB10: 109.73 | AC10: 0 | AD10: 1815.9001 | AG10: שווי הוגן | AH10: 0.003115 | AI10: 0.0151377 | AJ10: 0.0035512
A11: 292 | B11: 292 | C11: דלק קבוצה | D11: 520044322 | E11: ח.פ. | F11: דלק קבוצה אגח מא | G11: IL0012286188 | H11: ISIN | I11: לא צמוד למדד המחירים לצרכן | J11: ישראל | K11: ישראל | L11: סחיר | M11: TASE | N11: חיפושי נפט וגז | O11: לא | P11: A2.il | Q11: מידרוג Moodys | R11: נייר ערך | S11: ILS | T11: 5.8 | U11: 01/04/2035 | V11: 0.0568 | W11: 0.0451 | X11: החוב לא נחות | Y11: לא | Z11: 2000000 | AA11: 1 | AB11: 108.6 | AC11: 0 | AD11: 2172 | AG11: שווי הוגן | AH11: 0.0010438 | AI11: 0.0181062 | AJ11: 0.0042475
A12: 292 | B12: 292 | C12: סונול נדלן והשקעות בע"מ | D12: 510531775 | E12: ח.פ. | F12: סונול נדלן אגח א | G12: IL0012262734 | H12: ISIN | I12: צמוד למדד המחירים לצרכן | J12: ישראל | K12: ישראל | L12: סחיר | M12: TASE | N12: נדל"ן מניב בישראל | O12: לא | P12: A2.il | Q12: מידרוג Moodys | R12: נייר ערך | S12: ILS | T12: 4.23 | U12: 30/06/2034 | V12: 0.0317 | W12: 0.0249 | X12: החוב לא נחות | Y12: לא | Z12: 1000000 | AA12: 1 | AB12: 104.5 | AC12: 0 | AD12: 1045 | AG12: שווי הוגן | AH12: 0.0055555 | AI12: 0.0087113 | AJ12: 0.0020436
A13: 292 | B13: 292 | C13: פרשקובסקי | D13: 513817817 | E13: ח.פ. | F13: פרשקובסקי אגח טז | G13: IL0012234113 | H13: ISIN | I13: לא צמוד למדד המחירים לצרכן | J13: ישראל | K13: ישראל | L13: סחיר | M13: TASE | N13: נדל"ן מניב בישראל | O13: לא | P13: A2.il | Q13: מידרוג Moodys | R13: נייר ערך | S13: ILS | T13: 4.03 | U13: 31/12/2031 | V13: 0.0588 | W13: 0.0431 | X13: החוב לא נחות | Y13: לא | Z13: 2000000 | AA13: 1 | AB13: 106.54 | AC13: 0 | AD13: 2130.8 | AG13: שווי הוגן | AH13: 0.0066666 | AI13: 0.0177627 | AJ13: 0.004167
... A132: 292 | B132: 1455 | C132: צור | D132: 520025586 | E132: ח.פ. | F132: צור אגח יב | G132: IL0012057985 | H132: ISIN | I132: לא צמוד למדד המחירים לצרכן | J132: ישראל | K132: ישראל | L132: סחיר | M132: TASE | N132: השקעה ואחזקות | O132: לא | P132: NR | Q132: NR | R132: נייר ערך | S132: ILS | T132: 5.38 | U132: 01/07/2035 | V132: 0.076 | W132: 0.0522 | X132: החוב לא נחות | Y132: לא | Z132: 90000 | AA132: 1 | AB132: 113.43 | AC132: 0 | AD132: 102.087 | AG132: שווי הוגן | AH132: 0.0003529 | AI132: 0.0744148 | AJ132: 0.0237629
A133: 292 | B133: 292 | C133: MEXICO CITY AIRPORT | D133: 213800HAXQJNILQ2JJ24 | E133: LEI | F133: MEXCAT 4 1/4 10/31/26 | G133: USP6629MAA01 | H133: ISIN | I133: צמוד למט"ח | J133: חו"ל | K133: מקסיקו | L133: סחיר | M133: SGX | N133: Construction & Engineering | O133: לא | P133: Baa3 | Q133: MOODYS | R133: נייר ערך | S133: USD | T133: 0.33 | U133: 31/10/2026 | V133: 0.0425 | W133: 0.0464 | X133: החוב לא נחות | Y133: לא | Z133: 30456.85 | AA133: 2.978 | AB133: 100.58313 | AC133: 0 | AD133: 91.2294 | AG133: שווי הוגן | AH133: 3.04e-05 | AI133: 0.0007605 | AJ133: 0.0001784
A134: 292 | B134: 292 | C134: LEVIATHAN (לוויתן) | D134: 254900D9T8VKYVQNZ220 | E134: LEI | F134: LVIATH 6 1/2 06/30/27 | G134: IL0011677825 | H134: ISIN | I134: צמוד למט"ח | J134: חו"ל | K134: ישראל | L134: סחיר | M134: אחר | N134: Energy Equipment & Services | O134: לא | P134: BB- | Q134: S&P | R134: נייר ערך | S134: USD | T134: 0.98 | U134: 30/06/2027 | V134: 0.065 | W134: 0.0599 | X134: החוב לא נחות | Y134: לא | Z134: 500000 | AA134: 2.978 | AB134: 100.5241 | AC134: 0 | AD134: 1496.8039 | AG134: שווי הוגן | AH134: 0.0008333 | AI134: 0.0124776 | AJ134: 0.0029271
A135: 292 | B135: 292 | C135: TEVA | D135: 5493004T21MOAFINJP35 | E135: LEI | F135: TEVA 3.15 10/01/26 | G135: US88167AAE10 | H135: ISIN | I135: צמוד למט"ח | J135: חו"ל | K135: ישראל | L135: סחיר | M135: NYSE | N135: Pharmaceuticals | O135: לא | P135: BB+ | Q135: S&P | R135: נייר ערך | S135: USD | T135: 0.25 | U135: 01/10/2026 | V135: 0.0315 | W135: 0.0492 | X135: החוב לא נחות | Y135: לא | Z135: 700000 | AA135: 2.978 | AB135: 100.3415 | AC135: 0 | AD135: 2091.7189 | AG135: שווי הוגן | AH135: 0.0002 | AI135: 0.017437 | AJ135: 0.0040906
A136: 292 | B136: 292 | C136: ARGENTUM NETHERLANDS BV | D136: 724500RPEZI5VVQQWE89 | E136: LEI | F136: SRENVX 5 5/8 08/15/52 | G136: XS1423777215 | H136: ISIN | I136: צמוד למט"ח | J136: חו"ל | K136: הולנד | L136: סחיר | M136: ISE | N136: Insurance | O136: לא | P136: BBB+ | Q136: S&P | R136: נייר ערך | S136: USD | T136: 1.07 | U136: 15/08/2052 | V136: 0.05625 | W136: 0.0853 | X136: החוב לא נחות | Y136: לא | Z136: 100000 | AA136: 2.978 | AB136: 105.51113 | AC136: 0 | AD136: 314.21215 | AG136: שווי הוגן | AH136: 0.000125 | AI136: 0.0026193 | AJ136: 0.0006145

Sheet מניות מבכ ויהש
A1: מספר קופה/קרן/ח.פ. עבור חברת ביטוח | B1: מספר מסלול | C1: שם מנפיק | D1: מספר מנפיק | E1: סוג מספר מזהה מנפיק | F1: שם נייר ערך | G1: מספר נייר ערך | H1: סוג מספר נייר ערך | I1: מאפיין עיקרי | J1: ישראל/חו"ל | K1: מדינה לפי חשיפה כלכלית | L1: סטאטוס סחירות | M1: זירת מסחר | N1: ענף מסחר | O1: בעל עניין/צד קשור | P1: מטבע פעילות | Q1: ערך נקוב (יחידות) | R1: שער חליפין | S1: שער נייר הערך | T1: סכום לקבל (במטבע הפעילות) | U1: שווי הוגן (באלפי ש"ח) | V1: שיעור מערך נקוב מונפק | W1: שיעור מנכסי אפיק ההשקעה | X1: שיעור מסך נכסי ההשקעה
A2: 292 | B2: 292 | C2: לאומי | D2: 520018078 | E2: ח.פ. | F2: לאומי | G2: IL0006046119 | H2: ISIN | I2: מניות | J2: ישראל | K2: ישראל | L2: סחיר | M2: TASE | N2: בנקים | O2: לא | P2: ILS | Q2: 130253.8 | R2: 1 | S2: 6653 | T2: 0 | U2: 8665.7853 | V2: 8.85e-05 | W2: 0.0758773 | X2: 0.0169468
A3: 292 | B3: 292 | C3: פורמולה מערכות | D3: 520036690 | E3: ח.פ. | F3: 1 .פורמולה מ.ר | G3: IL0002560162 | H3: ISIN | I3: מניות | J3: ישראל | K3: ישראל | L3: סחיר | M3: TASE | N3: שרותי מידע | O3: לא | P3: ILS | Q3: 4500 | R3: 1 | S3: 30990 | T3: 0 | U3: 1394.55 | V3: 0.0002934 | W3: 0.0122106 | X3: 0.0027272
A4: 292 | B4: 292 | C4: כלל עסקי ביטוח | D4: 520036120 | E4: ח.פ. | F4: כלל עיסקי ביטוח | G4: IL0002240146 | H4: ISIN | I4: מניות | J4: ישראל | K4: ישראל | L4: סחיר | M4: TASE | N4: ביטוח | O4: לא | P4: ILS | Q4: 17385 | R4: 1 | S4: 22840 | T4: 0 | U4: 3970.734 | V4: 0.0002138 | W4: 0.0347676 | X4: 0.0077651
A5: 292 | B5: 292 | C5: ניו-מד אנרג'י- שותפות מוגבלת | D5: 550013098 | E5: מספר שותפות | F5: ניו-מד אנרג יהש | G5: IL0004750209 | H5: ISIN | I5: יחידות השתתפות | J5: ישראל | K5: ישראל | L5: סחיר | M5: TASE | N5: חיפושי נפט וגז | O5: לא | P5: ILS | Q5: 220678.85 | R5: 1 | S5: 1560 | T5: 0 | U5: 3442.5901 | V5: 0.000188 | W5: 0.0301432 | X5: 0.0067323
A6: 292 | B6: 292 | C6: רפק | D6: 520029505 | E6: ח.פ. | F6: רפק אלקטרוניקה 1 ש"ח ע"ש | G6: IL0007690261 | H6: ISIN | I6: מניות | J6: ישראל | K6: ישראל | L6: סחיר | M6: TASE | N6: שירותים | O6: לא | P6: ILS | Q6: 29406 | R6: 1 | S6: 9172 | T6: 0 | U6: 2697.1183 | V6: 0.0019047 | W6: 0.0236159 | X6: 0.0052745
A7: 292 | B7: 292 | C7: טבע | D7: 520013954 | E7: ח.פ. | F7: טבע | G7: IL0006290147 | H7: ISIN | I7: מניות | J7: ישראל | K7: ישראל | L7: סחיר | M7: TASE | N7: פארמה | O7: לא | P7: ILS | Q7: 64368 | R7: 1 | S7: 9837 | T7: 0 | U7: 6331.8802 | V7: 5.52e-05 | W7: 0.0554417 | X7: 0.0123826
A8: 292 | B8: 292 | C8: אוטונומוס | D8: 997891 | E8: מספר מנפיק | F8: אוטונומוס | G8: IL0010834195 | H8: ISIN | I8: מניות | J8: ישראל | K8: ישראל | L8: סחיר | M8: TASE | N8: השקעות בהייטק | O8: לא | P8: ILS | Q8: 45000 | R8: 1 | S8: 1028 | T8: 0 | U8: 462.6 | V8: 0.0061069 | W8: 0.0040505 | X8: 0.0009047
A9: 292 | B9: 292 | C9: הראל השקעות | D9: 520033986 | E9: ח.פ. | F9: הראל השקעות | G9: IL0005850180 | H9: ISIN | I9: מניות | J9: ישראל | K9: ישראל | L9: סחיר | M9: TASE | N9: ביטוח | O9: לא | P9: ILS | Q9: 20359 | R9: 1 | S9: 15660 | T9: 49.4723 | U9: 3237.6917 | V9: 9.9e-05 | W9: 0.0279159 | X9: 0.0062349
A10: 292 | B10: 292 | C10: אלביט מערכות | D10: 520043027 | E10: ח.פ. | F10: אלביט מערכות | G10: IL0010811243 | H10: ISIN | I10: מניות | J10: ישראל | K10: ישראל | L10: סחיר | M10: TASE | N10: ביטחוניות | O10: לא | P10: ILS | Q10: 1850 | R10: 1 | S10: 226000 | T10: 5.254 | U10: 4186.254 | V10: 3.94e-05 | W10: 0.0366087 | X10: 0.0081763
A11: 292 | B11: 292 | C11: אלוני חץ | D11: 520038506 | E11: ח.פ. | F11: אלוני-חץ | G11: IL0003900136 | H11: ISIN | I11: מניות | J11: ישראל | K11: ישראל | L11: סחיר | M11: TASE | N11: נדל"ן מניב בישראל | O11: לא | P11: ILS | Q11: 35000 | R11: 1 | S11: 3316 | T11: 0 | U11: 1160.6 | V11: 0.0001546 | W11: 0.0101622 | X11: 0.0022697
A12: 292 | B12: 292 | C12: פועלים | D12: 520000118 | E12: ח.פ. | F12: הפועלים | G12: IL0006625771 | H12: ISIN | I12: מניות | J12: ישראל | K12: ישראל | L12: סחיר | M12: TASE | N12: בנקים | O12: לא | P12: ILS | Q12: 116000 | R12: 1 | S12: 6859 | T12: 0 | U12: 7956.44 | V12: 8.86e-05 | W12: 0.0696663 | X12: 0.0155596
A13: 292 | B13: 292 | C13: מגדל ביטוח | D13: 520029984 | E13: ח.פ. | F13: מגדל | G13: IL0010811656 | H13: ISIN | I13: מניות | J13: ישראל | K13: ישראל | L13: סחיר | M13: TASE | N13: ביטוח | O13: לא | P13: ILS | Q13: 60816 | R13: 1 | S13: 1656 | T13: 0 | U13: 1007.113 | V13: 5.74e-05 | W13: 0.0088182 | X13: 0.0019695
... A38: 292 | B38: 292 | C38: שוב אנרגיה | D38: 510459928 | E38: ח.פ. | F38: שוב אנרגיה | G38: IL0011882425 | H38: ISIN | I38: מניות | J38: ישראל | K38: ישראל | L38: סחיר | M38: TASE | N38: Energy Equipment & Services | O38: לא | P38: ILS | Q38: 610000 | R38: 1 | S38: 404.8 | T38: 0 | U38: 2469.28 | V38: 0.0006227 | W38: 0.0216209 | X38: 0.0048289
A39: 292 | B39: 292 | C39: MICROSOFT | D39: INR2EJN1ERAN0W5ZP974 | E39: LEI | F39: MICROSOFT CORP | G39: US5949181045 | H39: ISIN | I39: מניות | J39: חו"ל | K39: ארה"ב | L39: סחיר | M39: NASDAQ | N39: Software | O39: לא | P39: USD | Q39: 1130 | R39: 2.978 | S39: 37302 | T39: 0 | U39: 1255.2645 | V39: 1e-07 | W39: 0.010991 | X39: 0.0024548
A40: 292 | B40: 292 | C40: BANK OF AMERICA | D40: 9DJT3UXIJIZJI4WXO774 | E40: LEI | F40: BANK OF AMERICA CORP | G40: US0605051046 | H40: ISIN | I40: מניות | J40: חו"ל | K40: ארה"ב | L40: סחיר | M40: NYSE | N40: Banks | O40: לא | P40: USD | Q40: 9500 | R40: 2.978 | S40: 5698 | T40: 0 | U40: 1612.0212 | V40: 1.3e-06 | W40: 0.0141148 | X40: 0.0031525
A41: 292 | B41: 292 | C41: APPLE COMPUTER INC | D41: 724500B37Q73O15GAW14 | E41: LEI | F41: APPLE INC | G41: US0378331005 | H41: ISIN | I41: מניות | J41: חו"ל | K41: ארה"ב | L41: סחיר | M41: אחר | N41: Technology Hardware Storage & Peripherals | O41: לא | P41: USD | Q41: 2740 | R41: 2.978 | S41: 28936 | T41: 0 | U41: 2361.0966 | V41: 1e-07 | W41: 0.0206737 | X41: 0.0046173
A42: 292 | B42: 292 | C42: Meta Platforms Inc | D42: BQ4BKCS1HXDV9HN80Z93 | E42: LEI | F42: META PLATFORMS INC-CLASS A | G42: US30303M1027 | H42: ISIN | I42: מניות | J42: חו"ל | K42: ארה"ב | L42: סחיר | M42: NASDAQ | N42: Wireless Telecommunication Services | O42: לא | P42: USD | Q42: 1150 | R42: 2.978 | S42: 56329 | T42: 0 | U42: 1929.0993 | V42: 5e-07 | W42: 0.0168911 | X42: 0.0037725
A43: 292 | B43: 292 | C43: ALPHABET | D43: 5493006MHB84DD0ZWV18 | E43: LEI | F43: ALPHABET INC-CL C | G43: US02079K1079 | H43: ISIN | I43: מניות | J43: חו"ל | K43: ארה"ב | L43: סחיר | M43: NASDAQ | N43: Wireless Telecommunication Services | O43: לא | P43: USD | Q43: 2510 | R43: 2.978 | S43: 35333 | T43: 0 | U43: 2641.064 | V43: 4e-07 | W43: 0.0231251 | X43: 0.0051648
A44: 292 | B44: 292 | C44: VBARE IBERIAN PROPERTIES | D44: VBARE IBERIAN PROPERTIES SOC | E44: LEI | F44: VBARE IBERIAN PROPERTIES SOC | G44: ES0105196002 | H44: ISIN | I44: מניות | J44: חו"ל | K44: ספרד | L44: סחיר | M44: BME | N44: Other | O44: לא | P44: EUR | Q44: 3848 | R44: 3.3945 | S44: 430 | T44: 0 | U44: 56.16675 | V44: 0.0010659 | W44: 0.0004918 | X44: 0.0001098
A45: 292 | B45: 292 | C45: ATERIAN INC | D45: 2138005GAARIE1JMP262 | E45: LEI | F45: ATERIAN INC | G45: US02156U2006 | H45: ISIN | I45: מניות | J45: חו"ל | K45: ארה"ב | L45: סחיר | M45: NASDAQ | N45: מסחר ושרותים | O45: לא | P45: USD | Q45: 219 | R45: 2.978 | S45: 132 | T45: 0 | U45: 0.86088 | V45: 2.01e-05 | W45: 7.5e-06 | X45: 1.7e-06
A46: 292 | B46: 1454 | C46: לאומי | D46: 520018078 | E46: ח.פ. | F46: לאומי | G46: IL0006046119 | H46: ISIN | I46: מניות | J46: ישראל | K46: ישראל | L46: סחיר | M46: TASE | N46: בנקים | O46: לא | P46: ILS | Q46: 6084 | R46: 1 | S46: 6653 | T46: 0 | U46: 404.76852 | V46: 4.1e-06 | W46: 0.0448256 | X46: 0.0239451
A47: 292 | B47: 1454 | C47: פורמולה מערכות | D47: 520036690 | E47: ח.פ. | F47: 1 .פורמולה מ.ר | G47: IL0002560162 | H47: ISIN | I47: מניות | J47: ישראל | K47: ישראל | L47: סחיר | M47: TASE | N47: שרותי מידע | O47: לא | P47: ILS | Q47: 600 | R47: 1 | S47: 30990 | T47: 0 | U47: 185.94 | V47: 3.91e-05 | W47: 0.0205917 | X47: 0.0109997
A48: 292 | B48: 1454 | C48: כלל עסקי ביטוח | D48: 520036120 | E48: ח.פ. | F48: כלל עיסקי ביטוח | G48: IL0002240146 | H48: ISIN | I48: מניות | J48: ישראל | K48: ישראל | L48: סחיר | M48: TASE | N48: ביטוח | O48: לא | P48: ILS | Q48: 1400 | R48: 1 | S48: 22840 | T48: 0 | U48: 319.76 | V48: 1.72e-05 | W48: 0.0354114 | X48: 0.0189162
A49: 292 | B49: 1454 | C49: ניו-מד אנרג'י- שותפות מוגבלת | D49: 550013098 | E49: מספר שותפות | F49: ניו-מד אנרג יהש | G49: IL0004750209 | H49: ISIN | I49: יחידות השתתפות | J49: ישראל | K49: ישראל | L49: סחיר | M49: TASE | N49: חיפושי נפט וגז | O49: לא | P49: ILS | Q49: 10000 | R49: 1 | S49: 1560 | T49: 0 | U49: 156 | V49: 8.5e-06 | W49: 0.017276 | X49: 0.0092286
A50: 292 | B50: 1454 | C50: רפק | D50: 520029505 | E50: ח.פ. | F50: רפק אלקטרוניקה 1 ש"ח ע"ש | G50: IL0007690261 | H50: ISIN | I50: מניות | J50: ישראל | K50: ישראל | L50: סחיר | M50: TASE | N50: שירותים | O50: לא | P50: ILS | Q50: 3500 | R50: 1 | S50: 9172 | T50: 0 | U50: 321.02 | V50: 0.0002267 | W50: 0.035551 | X50: 0.0189907
A51: 292 | B51: 1454 | C51: טבע | D51: 520013954 | E51: ח.פ. | F51: טבע | G51: IL0006290147 | H51: ISIN | I51: מניות | J51: ישראל | K51: ישראל | L51: סחיר | M51: TASE | N51: פארמה | O51: לא | P51: ILS | Q51: 1450 | R51: 1 | S51: 9837 | T51: 0 | U51: 142.6365 | V51: 1.2e-06 | W51: 0.0157961 | X51: 0.008438
A52: 292 | B52: 1454 | C52: הפניקס אחזקות | D52: 520017450 | E52: ח.פ. | F52: הפניקס | G52: IL0007670123 | H52: ISIN | I52: מניות | J52: ישראל | K52: ישראל | L52: סחיר | M52: TASE | N52: ביטוח | O52: לא | P52: ILS | Q52: 1300 | R52: 1 | S52: 16460 | T52: 0 | U52: 213.98 | V52: 5.1e-06 | W52: 0.023697 | X52: 0.0126585
A53: 292 | B53: 1454 | C53: אוטונומוס | D53: 997891 | E53: מספר מנפיק | F53: אוטונומוס | G53: IL0010834195 | H53: ISIN | I53: מניות | J53: ישראל | K53: ישראל | L53: סחיר | M53: TASE | N53: השקעות בהייטק | O53: לא | P53: ILS | Q53: 8308 | R53: 1 | S53: 1028 | T53: 0 | U53: 85.40624 | V53: 0.0011274 | W53: 0.0094582 | X53: 0.0050524
A54: 292 | B54: 1454 | C54: הראל השקעות | D54: 520033986 | E54: ח.פ. | F54: הראל השקעות | G54: IL0005850180 | H54: ISIN | I54: מניות | J54: ישראל | K54: ישראל | L54: סחיר | M54: TASE | N54: ביטוח | O54: לא | P54: ILS | Q54: 2340 | R54: 1 | S54: 15660 | T54: 5.6862 | U54: 372.1302 | V54: 1.13e-05 | W54: 0.0405814 | X54: 0.0216779
A55: 292 | B55: 1454 | C55: מזרחי טפחות | D55: 520000522 | E55: ח.פ. | F55: מזרחי טפחות | G55: IL0006954379 | H55: ISIN | I55: מניות | J55: ישראל | K55: ישראל | L55: סחיר | M55: TASE | N55: בנקים | O55: לא | P55: ILS | Q55: 200 | R55: 1 | S55: 19700 | T55: 0 | U55: 39.4 | V55: 7e-07 | W55: 0.0043633 | X55: 0.0023308
A56: 292 | B56: 1454 | C56: בינלאומי | D56: 520029083 | E56: ח.פ. | F56: הבנק הבינלאומי | G56: IL0005930388 | H56: ISIN | I56: מניות | J56: ישראל | K56: ישראל | L56: סחיר | M56: TASE | N56: בנקים | O56: לא | P56: ILS | Q56: 300 | R56: 1 | S56: 21090 | T56: 0 | U56: 63.27 | V56: 2.9e-06 | W56: 0.0070068 | X56: 0.0037429
A57: 292 | B57: 1454 | C57: אלביט מערכות | D57: 520043027 | E57: ח.פ. | F57: אלביט מערכות | G57: IL0010811243 | H57: ISIN | I57: מניות | J57: ישראל | K57: ישראל | L57: סחיר | M57: TASE | N57: ביטחוניות | O57: לא | P57: ILS | Q57: 90 | R57: 1 | S57: 226000 | T57: 0.2556 | U57: 203.6556 | V57: 1.9e-06 | W57: 0.0225253 | X57: 0.0120326
... A87: 292 | B87: 1454 | C87: שוב אנרגיה | D87: 510459928 | E87: ח.פ. | F87: שוב אנרגיה | G87: IL0011882425 | H87: ISIN | I87: מניות | J87: ישראל | K87: ישראל | L87: סחיר | M87: TASE | N87: Energy Equipment & Services | O87: לא | P87: ILS | Q87: 50000 | R87: 1 | S87: 404.8 | T87: 0 | U87: 202.4 | V87: 5.1e-05 | W87: 0.0224146 | X87: 0.0119735
A88: 292 | B88: 1454 | C88: MICROSOFT | D88: INR2EJN1ERAN0W5ZP974 | E88: LEI | F88: MICROSOFT CORP | G88: US5949181045 | H88: ISIN | I88: מניות | J88: חו"ל | K88: ארה"ב | L88: סחיר | M88: NASDAQ | N88: Software | O88: לא | P88: USD | Q88: 16 | R88: 2.978 | S88: 37302 | T88: 0 | U88: 17.77365 | V88: 0 | W88: 0.0019683 | X88: 0.0010514
A89: 292 | B89: 1454 | C89: APPLE COMPUTER INC | D89: 724500B37Q73O15GAW14 | E89: LEI | F89: APPLE INC | G89: US0378331005 | H89: ISIN | I89: מניות | J89: חו"ל | K89: ארה"ב | L89: סחיר | M89: אחר | N89: Technology Hardware Storage & Peripherals | O89: לא | P89: USD | Q89: 28 | R89: 2.978 | S89: 28936 | T89: 0 | U89: 24.12799 | V89: 0 | W89: 0.002672 | X89: 0.0014274
A90: 292 | B90: 1454 | C90: Meta Platforms Inc | D90: BQ4BKCS1HXDV9HN80Z93 | E90: LEI | F90: META PLATFORMS INC-CLASS A | G90: US30303M1027 | H90: ISIN | I90: מניות | J90: חו"ל | K90: ארה"ב | L90: סחיר | M90: NASDAQ | N90: Wireless Telecommunication Services | O90: לא | P90: USD | Q90: 14 | R90: 2.978 | S90: 56329 | T90: 0.0084 | U90: 23.5097 | V90: 0 | W90: 0.0026008 | X90: 0.0013893
A91: 292 | B91: 1454 | C91: טאואר | D91: 54930086ZSNXZOUX0C54 | E91: LEI | F91: TOWER SEMICOIND | G91: IL0010823792 | H91: ISIN | I91: מניות | J91: חו"ל | K91: ישראל | L91: סחיר | M91: NYSE | N91: Semiconductors & Semiconductor Equipment | O91: לא | P91: USD | Q91: 100 | R91: 2.978 | S91: 26064 | T91: 0 | U91: 77.61859 | V91: 8e-07 | W91: 0.0085958 | X91: 0.0045917
A92: 292 | B92: 1454 | C92: ALPHABET | D92: 5493006MHB84DD0ZWV18 | E92: LEI | F92: ALPHABET INC-CL C | G92: US02079K1079 | H92: ISIN | I92: מניות | J92: חו"ל | K92: ארה"ב | L92: סחיר | M92: NASDAQ | N92: Wireless Telecommunication Services | O92: לא | P92: USD | Q92: 20 | R92: 2.978 | S92: 35333 | T92: 0 | U92: 21.04433 | V92: 0 | W92: 0.0023305 | X92: 0.0012449
A93: 292 | B93: 1454 | C93: PLAYTECH | D93: 21380068TTB6Z9ZEU548 | E93: LEI | F93: PLAYTECH PLC | G93: IM00B7S9G985 | H93: ISIN | I93: מניות | J93: חו"ל | K93: בריטניה | L93: סחיר | M93: LSE | N93: Media | O93: לא | P93: GBP | Q93: 158 | R93: 3.9389 | S93: 318.6 | T93: 0 | U93: 1.98279 | V93: 5e-07 | W93: 0.0002196 | X93: 0.0001173
A94: 292 | B94: 1454 | C94: PARK PLAZA HOTEL PPH | D94: 2138003H1BZGR6KM5823 | E94: LEI | F94: PPHE HOTEL GROUP LTD | G94: GG00B1Z5FH87 | H94: ISIN | I94: מניות | J94: חו"ל | K94: בריטניה | L94: סחיר | M94: LSE | N94: Hotels Restaurants & Leisure | O94: לא | P94: GBP | Q94: 39 | R94: 3.9389 | S94: 1720 | T94: 0 | U94: 2.64221 | V94: 9e-07 | W94: 0.0002926 | X94: 0.0001563
A95: 292 | B95: 1454 | C95: אנרג'יאן נפט וגז פי אל סי | D95: 549300RVMKU0CYUZBB05 | E95: LEI | F95: ENERGEAN PLC | G95: GB00BG12Y042 | H95: ISIN | I95: מניות | J95: חו"ל | K95: בריטניה | L95: סחיר | M95: LSE | N95: Energy Equipment & Services | O95: לא | P95: GBP | Q95: 0 | R95: 3.9389 | S95: 683.5 | T95: 0.0091 | U95: 0.03584 | V95: 0 | W95: 0 | X95: 0
A96: 292 | B96: 1454 | C96: ENERGIZER HOLDINGS | D96: 5493000D6NN0V57UME20 | E96: LEI | F96: ENERGEAN PLC | G96: GB00BG12Y042 | H96: ISIN | I96: מניות | J96: חו"ל | K96: בריטניה | L96: סחיר | M96: LSE | N96: Energy Equipment & Services | O96: לא | P96: GBP | Q96: 0 | R96: 3.9389 | S96: 1360.1533 | T96: 0.0088 | U96: 0.03466 | V96: 0 | W96: 0 | X96: 0
A97: 292 | B97: 1455

Sheet קרנות סל
A1: מספר קופה/קרן/ח.פ. עבור חברת ביטוח | B1: מספר מסלול | C1: שם מנפיק | D1: מספר מנפיק | E1: סוג מספר מזהה מנפיק | F1: שם נייר ערך | G1: מספר נייר ערך | H1: סוג מספר נייר ערך | I1: מאפיין עיקרי | J1: ישראל/חו"ל | K1: מדינה לפי חשיפה כלכלית | L1: זירת מסחר | M1: סיווג הקרן | N1: בעל עניין/צד קשור | O1: מטבע פעילות | P1: ערך נקוב (יחידות) | Q1: שער חליפין | R1: שער נייר הערך | S1: סכום לקבל (במטבע הפעילות) | T1: שווי הוגן (באלפי ש"ח) | U1: שיעור מערך נקוב מונפק | V1: שיעור מנכסי אפיק ההשקעה | W1: שיעור מסך נכסי ההשקעה
A2: 292 | B2: 292 | C2: מיטב ניהול קרנות נאמנות | D2: 513534974 | E2: .ח.פ | F2: מנוטרלת מט"ח 500 S&P )י4A)תכ. סל | G2: IL0011438178 | H2: ISIN | I2: עוקב אחר מדדי מניות בחו"ל | J2: ישראל | K2: ארה"ב | L2: TASE | M2: S&P 500 - מניות בחו"ל - מניות גיאוגרפי - מנוטרלת מט"ח-ארה"ב | N2: לא | O2: ILS | P2: 56000 | Q2: 1 | R2: 6428 | S2: 0 | T2: 3599.68 | U2: 0.0020758 | V2: 0.0255426 | W2: 0.0070395
A3: 292 | B3: 292 | C3: מיטב ניהול קרנות נאמנות | D3: 513534974 | E3: .ח.פ | F3: מנוטרלת מט"ח 100 N )י4A)תכ.סל | G3: IL0011437345 | H3: ISIN | I3: עוקב אחר מדדי מניות בחו"ל | J3: ישראל | K3: ארה"ב | L3: TASE | M3: NASDAQ 100 - מניות בחו"ל - מניות גיאוגרפי - מנוטרלת מט"ח-ארה"ב | N3: לא | O3: ILS | P3: 10731 | Q3: 1 | R3: 23590 | S3: 0 | T3: 2531.4429 | U3: 0.0017433 | V3: 0.0179626 | W3: 0.0049505
A4: 292 | B4: 292 | C4: הראל קרנות מדד | D4: 511776783 | E4: .ח.פ | F4: ממ 100 4A) NASDAQ) הרל.סל סל | G4: IL0011491037 | H4: ISIN | I4: עוקב אחר מדדי מניות בחו"ל | J4: ישראל | K4: ארה"ב | L4: TASE | M4: NASDAQ 100 - מניות בחו"ל - מניות גיאוגרפי - מנוטרלת מט"ח-ארה"ב | N4: לא | O4: ILS | P4: 7000 | Q4: 1 | R4: 25140 | S4: 0 | T4: 1759.8 | U4: 0.0022699 | V4: 0.0124872 | W4: 0.0034415
A5: 292 | B5: 292 | C5: מגדל קרנות נאמנות בע"מ | D5: 511303661 | E5: .ח.פ | F5: ) ת"א 904Aסל )mtf | G5: IL0011502593 | H5: ISIN | I5: עוקב אחר מדדי מניות בישראל | J5: ישראל | K5: ישראל | L5: TASE | M5: 90 מניות בארץ - מניות כללי-ת"א | N5: לא | O5: ILS | P5: 34000 | Q5: 1 | R5: 5265 | S5: 0 | T5: 1790.1 | U5: 0.0006823 | V5: 0.0127022 | W5: 0.0035007
A6: 292 | B6: 292 | C6: מגדל קרנות נאמנות בע"מ | D6: 511303661 | E6: .ח.פ | F6: מנוטרלת מט"חSPTF500.M | G6: IL0011505729 | H6: ISIN | I6: עוקב אחר מדדי מניות בחו"ל | J6: ישראל | K6: ארה"ב | L6: TASE | M6: S&P 500 - מניות בחו"ל - מניות גיאוגרפי - מנוטרלת מט"ח-ארה"ב | N6: לא | O6: ILS | P6: 187000 | Q6: 1 | R6: 9399 | S6: 0 | T6: 17576.13 | U6: 0.0072909 | V6: 0.1247166 | W6: 0.0343718
A7: 292 | B7: 292 | C7: הראל קרנות מדד | D7: 511776783 | E7: .ח.פ | F7: הרל.תל בונד שקלי 50 | G7: IL0011507139 | H7: ISIN | I7: עוקב אחר מדדים אחרים בישראל | J7: ישראל | K7: ישראל | L7: TASE | M7: אג"ח בארץ - חברות והמרה-תל בונד שקלי-תל בונד שקלי- אחר | N7: לא | O7: ILS | P7: 457413 | Q7: 1 | R7: 448.56 | S7: 0 | T7: 2051.7717 | U7: 0.0022078 | V7: 0.0145589 | W7: 0.0040124
A8: 292 | B8: 292 | C8: מגדל קרנות נאמנות בע"מ | D8: 511303661 | E8: .ח.פ | F8: (NASDAQ 100 (4D סל MTF | G8: IL0011813875 | H8: ISIN | I8: עוקב אחר מדדי מניות בחו"ל | J8: ישראל | K8: ארה"ב | L8: TASE | M8: NASDAQ 100 - מניות בחו"ל - מניות גיאוגרפי - חשופת מט"ח-ארה"ב | N8: לא | O8: ILS | P8: 25000 | Q8: 1 | R8: 6265 | S8: 0 | T8: 1566.25 | U8: 0.0026339 | V8: 0.0111138 | W8: 0.0030629
A9: 292 | B9: 292 | C9: מגדל קרנות נאמנות בע"מ | D9: 511303661 | E9: .ח.פ | F9: ) מנוטרלת מטחNASDAQ 100 (4A סל MTF | G9: IL0011814451 | H9: ISIN | I9: עוקב אחר מדדי מניות בחו"ל | J9: ישראל | K9: ארה"ב | L9: TASE | M9: NASDAQ 100 - מניות בחו"ל - מניות גיאוגרפי - מנוטרלת מט"ח-ארה"ב | N9: לא | O9: ILS | P9: 130000 | Q9: 1 | R9: 11620 | S9: 0 | T9: 15106 | U9: 0.0140812 | V9: 0.1071891 | W9: 0.0295412
A10: 292 | B10: 292 | C10: מגדל קרנות נאמנות בע"מ | D10: 511303661 | E10: .ח.פ | F10: 10 t סל אינדקס שבבים ארה"ב MTF | G10: IL0012079013 | H10: ISIN | I10: עוקב אחר מדדי מניות בחו"ל | J10: ישראל | K10: ארה"ב | L10: TASE | M10: Technology מניות בחו"ל - מניות לפי ענפים בחו"ל - חשופת מט"ח-ארה"ב- מניות | N10: לא | O10: ILS | P10: 35000 | Q10: 1 | R10: 5135 | S10: 0 | T10: 1797.25 | U10: 0.0073893 | V10: 0.0127529 | W10: 0.0035147
A11: 292 | B11: 292 | C11: מגדל קרנות נאמנות | D11: 511303661 | E11: .ח.פ | F11: US Topure10 P Cyb ) אינדקס4D) סל MTF | G11: IL0012175613 | H11: ISIN | I11: עוקב אחר מדדי מניות בחו"ל | J11: ישראל | K11: ארה"ב | L11: TASE | M11: Equity Funds | N11: לא | O11: ILS | P11: 30000 | Q11: 1 | R11: 2229 | S11: 0 | T11: 668.7 | U11: 0.0344761 | V11: 0.004745 | W11: 0.0013077
A12: 292 | B12: 292 | C12: מגדל קרנות נאמנות | D12: 511303661 | E12: .ח.פ | F12: IMTF סל (Indxx Top 10 US Oil Industry (4D | G12: IL0012216706 | H12: ISIN | I12: עוקב אחר מדדי מניות בחו"ל | J12: ישראל | K12: ארה"ב | L12: TASE | M12: Equity Funds | N12: לא | O12: ILS | P12: 40000 | Q12: 1 | R12: 2574 | S12: 0 | T12: 1029.6 | U12: 0.1123819 | V12: 0.0073058 | W12: 0.0020135
A13: 292 | B13: 292 | C13: מגדל קרנות נאמנות בע"מ | D13: 511303661 | E13: .ח.פ | F13: ביטחוניות ישראל Indxx )י4A) סל MTF | G13: IL0012367517 | H13: ISIN | I13: עוקב אחר מדדי מניות בישראל | J13: ישראל | K13: ישראל | L13: TASE | M13: Equity Funds | N13: לא | O13: ILS | P13: 14000 | Q13: 1 | R13: 2856 | S13: 0 | T13: 399.84 | U13: 0.0440331 | V13: 0.0028372 | W13: 0.0007819
... A15: 292 | B15: 292 | C15: מגדל קרנות נאמנות בע"מ | D15: 511303661 | E15: .ח.פ | F15: ביטחוניות ישראל Indxx )י4A) סל MTF | G15: IL0012379165 | H15: ISIN | I15: עוקב אחר מדדי מניות בחו"ל | J15: ישראל | K15: ארה"ב | L15: TASE | M15: Equity Funds | N15: לא | O15: ILS | P15: 80000 | Q15: 1 | R15: 3166 | S15: 0 | T15: 2532.8 | U15: 0.0658851 | V15: 0.0179722 | W15: 0.0049531
A16: 292 | B16: 292 | C16: SPDR TRUST | D16: 549300NZAMSJ8FXPQQ63 | E16: LEI | F16: SPDR S&P 500 ETF TRUST | G16: US78462F1030 | H16: ISIN | I16: עוקב אחר מדדי מניות בחו"ל | J16: חו"ל | K16: ארה"ב | L16: NYSE | M16: Equity Funds | N16: לא | O16: USD | P16: 15038 | Q16: 2.978 | R16: 74677 | S16: 21.3174 | T16: 33506.207 | U16: 1.41e-05 | V16: 0.2373027 | W16: 0.0654004
A17: 292 | B17: 292 | C17: SPDR TRUST | D17: 549300BR5T0JNM2MW070 | E17: LEI | F17: TECHNOLOGY SELECT SECT SPDR | G17: US81369Y8030 | H17: ISIN | I17: עוקב אחר מדדי מניות בחו"ל | J17: חו"ל | K17: ארה"ב | L17: אחר | M17: Equity Funds | N17: לא | O17: USD | P17: 4732 | Q17: 2.978 | R17: 19052 | S17: 0 | T17: 2684.788 | U17: 7.2e-06 | V17: 0.0190507 | W17: 0.0052504
A18: 292 | B18: 292 | C18: ISHARES INC | D18: 5493004SPI3IF1GDIR85 | E18: LEI | F18: ISHARES SEMICONDUCTOR ETF | G18: US4642875235 | H18: ISIN | I18: עוקב אחר מדדי מניות בחו"ל | J18: חו"ל | K18: ארה"ב | L18: NYSE | M18: Equity Funds | N18: לא | O18: USD | P18: 4700 | Q18: 2.978 | R18: 64076 | S18: 0 | T18: 8968.4614 | U18: 6.52e-05 | V18: 0.0636384 | W18: 0.0175387
A19: 292 | B19: 292 | C19: SPDR TRUST | D19: 549300HQI51T8KP6U325 | E19: LEI | F19: INDUSTRIAL SELECT SECT SPDR | G19: US81369Y7040 | H19: ISIN | I19: עוקב אחר מדדי מניות בחו"ל | J19: חו"ל | K19: ארה"ב | L19: NYSE | M19: Equity Funds | N19: לא | O19: USD | P19: 6258 | Q19: 2.978 | R19: 18523 | S19: 0 | T19: 3452.0063 | U19: 3.44e-05 | V19: 0.0244947 | W19: 0.0067507
A20: 292 | B20: 292 | C20: VANGUARD GROUP | D20: 12WZ1W76P8QD4VJ6OB47 | E20: LEI | F20: VANGUARD S&P 500 ETF | G20: US9229083632 | H20: ISIN | I20: עוקב אחר מדדי מניות בחו"ל | J20: חו"ל | K20: ארה"ב | L20: NYSE | M20: Equity Funds | N20: לא | O20: USD | P20: 12521 | Q20: 2.978 | R20: 68681 | S20: 0 | T20: 25609.454 | U20: 8.7e-06 | V20: 0.1817194 | W20: 0.0500817
A21: 292 | B21: 292 | C21: INVESCO | D21: 549300TKJ3EA6QHM7D23 | E21: LEI | F21: INVESCO NASDAQ 100 ETF | G21: US46138G6492 | H21: ISIN | I21: עוקב אחר מדדי מניות בחו"ל | J21: חו"ל | K21: ארה"ב | L21: NASDAQ | M21: Equity Funds | N21: לא | O21: USD | P21: 2000 | Q21: 2.978 | R21: 30297 | S21: 0 | T21: 1804.4893 | U21: 5.9e-06 | V21: 0.0128043 | W21: 0.0035288
A22: 292 | B22: 292 | C22: SPDR TRUST | D22: 549300D2BO7L1J2SO973 | E22: LEI | F22: SPDR PORT SHRT TRM CORP BND | G22: US78464A4748 | H22: ISIN | I22: עוקב אחר מדדים אחרים בחו"ל | J22: חו"ל | K22: ארה"ב | L22: NYSE | M22: Bond/Fixed Income Funds | N22: לא | O22: USD | P22: 20000 | Q22: 2.978 | R22: 3001 | S22: 0 | T22: 1787.3956 | U22: 5.66e-05 | V22: 0.012683 | W22: 0.0034954
A23: 292 | B23: 292 | C23: SPDR TRUST | D23: 549300NHX93RBUEHCD54 | E23: LEI | F23: SPDR BBG 0-3 US CORPORATE | G23: IE00BC7GZX26 | H23: ISIN | I23: עוקב אחר מדדים אחרים בחו"ל | J23: חו"ל | K23: ארה"ב | L23: LSE | M23: Bond/Fixed Income Funds | N23: לא | O23: USD | P23: 40000 | Q23: 2.978 | R23: 4996.5 | S23: 0 | T23: 5951.8308 | U23: 0.0174333 | V23: 0.042233 | W23: 0.0116394
A24: 292 | B24: 292 | C24: RANGE RESOURCES | D24: H3Y3WLYCX0BTO1TRW162 | E24: LEI | F24: RANGE NUCLEAR RENAISSANCE INDE | G24: US3015054758 | H24: ISIN | I24: עוקב אחר מדדי מניות בחו"ל | J24: חו"ל | K24: ארה"ב | L24: NYSE | M24: Equity Funds | N24: לא | O24: USD | P24: 3000 | Q24: 2.978 | R24: 6816 | S24: 0 | T24: 608.94144 | U24: 0.0002442 | V24: 0.0043209 | W24: 0.0011908
A25: 292 | B25: 1454 | C25: קסם קרנות נאמנות | D25: 510938608 | E25: .ח.פ | F25: 60SME ) ת"א4A) ETF קסם | G25: IL0011465395 | H25: ISIN | I25: עוקב אחר מדדי מניות בישראל | J25: ישראל | K25: ישראל | L25: TASE | M25: SME60 מניות בארץ - מניות כללי-ת"א | N25: לא | O25: ILS | P25: 886 | Q25: 1 | R25: 11480 | S25: 0 | T25: 101.7128 | U25: 0.0005506 | V25: 0.013504 | W25: 0.0060171
A26: 292 | B26: 1454 | C26: קסם קרנות נאמנות | D26: 510938608 | E26: .ח.פ | F26: ממNASDAQ 100 (4A) ETF.קסם | G26: IL0011466120 | H26: ISIN | I26: עוקב אחר מדדי מניות בחו"ל | J26: ישראל | K26: ארה"ב | L26: TASE | M26: NASDAQ 100 - מניות בחו"ל - מניות גיאוגרפי - מנוטרלת מט"ח-ארה"ב | N26: לא | O26: ILS | P26: 1900 | Q26: 1 | R26: 24220 | S26: 0 | T26: 460.18 | U26: 0.0003383 | V26: 0.0610963 | W26: 0.0272231
A27: 292 | B27: 1454 | C27: הראל קרנות מדד | D27: 511776783 | E27: .ח.פ | F27: ממ 100 4A) NASDAQ) הרל.סל סל | G27: IL0011491037 | H27: ISIN | I27: עוקב אחר מדדי מניות בחו"ל | J27: ישראל | K27: ארה"ב | L27: TASE | M27: NASDAQ 100 - מניות בחו"ל - מניות גיאוגרפי - מנוטרלת מט"ח-ארה"ב | N27: לא | O27: ILS | P27: 5595 | Q27: 1 | R27: 25140 | S27: 0 | T27: 1406.583 | U27: 0.0018143 | V27: 0.1867464 | W27: 0.0832099
A28: 292 | B28: 1454 | C28: הראל קרנות מדד | D28: 511776783 | E28: .ח.פ | F28: מנוטרלת מט"ח .500SPלהר | G28: IL0011491375 | H28: ISIN | I28: עוקב אחר מדדי מניות בחו"ל | J28: ישראל | K28: ארה"ב | L28: TASE | M28: S&P 500 - מניות בחו"ל - מניות גיאוגרפי - מנוטרלת מט"ח-ארה"ב | N28: לא | O28: ILS | P28: 2380 | Q28: 1 | R28: 7085 | S28: 0 | T28: 168.623 | U28: 0.0001286 | V28: 0.0223874 | W28: 0.0099753
A29: 292 | B29: 1454 | C29: קסם קרנות נאמנות | D29: 510938608 | E29: .ח.פ | F29: 500 s&p.קסם | G29: IL0011464711 | H29: ISIN | I29: עוקב אחר מדדי מניות בחו"ל | J29: ישראל | K29: ארה"ב | L29: TASE | M29: S&P 500 - מניות בחו"ל - מניות גיאוגרפי - חשופת מט"ח-ארה"ב | N29: לא | O29: ILS | P29: 700 | Q29: 1 | R29: 24520 | S29: 0 | T29: 171.64 | U29: 3.06e-05 | V29: 0.022788 | W29: 0.0101538
A30: 292 | B30: 1454 | C30: פסגות קרנות נאמנות בע"מ | D30: 513765339 | E30: .ח.פ | F30: איביאי סל SP 500 | G30: IL0011481624 | H30: ISIN | I30: עוקב אחר מדדי מניות בחו"ל | J30: ישראל | K30: ארה"ב | L30: TASE | M30: S&P 500 - מניות בחו"ל - מניות גיאוגרפי - חשופת מט"ח-ארה"ב | N30: לא | O30: ILS | P30: 1500 | Q30: 1 | R30: 21940 | S30: 0 | T30: 329.1 | U30: 8.47e-05 | V30: 0.0436933 | W30: 0.0194687
A31: 292 | B31: 1454 | C31: מגדל קרנות נאמנות בע"מ | D31: 511303661 | E31: .ח.פ | F31: מנוטרלת מט"חSPTF500.M | G31: IL0011505729 | H31: ISIN | I31: עוקב אחר מדדי מניות בחו"ל | J31: ישראל | K31: ארה"ב | L31: TASE | M31: S&P 500 - מניות בחו"ל - מניות גיאוגרפי - מנוטרלת מט"ח-ארה"ב | N31: לא | O31: ILS | P31: 7000 | Q31: 1 | R31: 9399 | S31: 0 | T31: 657.93 | U31: 0.0002729 | V31: 0.0873507 | W31: 0.0389215
A32: 292 | B32: 1454 | C32: מור ניהול קרנות נאמנות | D32: 514884485 | E32: .ח.פ | F32: ) מנוטרלת מטחS&P 500(4A מור סל | G32: IL0011658288 | H32: ISIN | I32: עוקב אחר מדדי מניות בחו"ל | J32: ישראל | K32: ארה"ב | L32: TASE | M32: S&P 500 - מניות בחו"ל - מניות גיאוגרפי - מנוטרלת מט"ח-ארה"ב | N32: לא | O32: ILS | P32: 800 | Q32: 1 | R32: 11540 | S32: 0 | T32: 92.32 | U32: 2.83e-05 | V32: 0.012257 | W32: 0.0054614
A33: 292 | B33: 1454 | C33: מגדל קרנות נאמנות בע"מ | D33: 511303661 | E33: .ח.פ | F33: ) מנוטרלת מטחNASDAQ 100 (4A סל MTF | G33: IL0011814451 | H33: ISIN | I33: עוקב אחר מדדי מניות בחו"ל | J33: ישראל | K33: ארה"ב | L33: TASE | M33: NASDAQ 100 - מניות בחו"ל - מניות גיאוגרפי - מנוטרלת מט"ח-ארה"ב | N33: לא | O33: ILS | P33: 1500 | Q33: 1 | R33: 11620 | S33: 0 | T33: 174.3 | U33: 0.0001624 | V33: 0.0231411 | W33: 0.0103111
A34: 292 | B34: 1454 | C34: מגדל קרנות נאמנות | D34: 511303661 | E34: .ח.פ | F34: TOPECH 10 T ) אינדקס4D) סל MTF | G34: IL0012001959 | H34: ISIN | I34: עוקב אחר מדדי מניות בחו"ל | J34: ישראל | K34: ארה"ב | L34: TASE | M34: מניות בחו"ל - מניות לפי ענפים בחו"ל - חשופת מט"ח-ענפים אחרים | N34: לא | O34: ILS | P34: 6000 | Q34: 1 | R34: 3072 | S34: 0 | T34: 184.32 | U34: 0.0031688 | V34: 0.0244714 | W34: 0.0109039
A35: 292 | B35: 1454 | C35: מגדל קרנות נאמנות בע"מ | D35: 511303661 | E35: .ח.פ | F35: 10 t סל אינדקס שבבים ארה"ב MTF | G35: IL0012079013 | H35: ISIN | I35: עוקב אחר מדדי מניות בחו"ל | J35: ישראל | K35: ארה"ב | L35: TASE | M35: Technology מניות בחו"ל - מניות לפי ענפים בחו"ל - חשופת מט"ח-ארה"ב- מניות | N35: לא | O35: ILS | P35: 12000 | Q35: 1 | R35: 5135 | S35: 0 | T35: 616.2 | U35: 0.0025335 | V35: 0.0818104 | W35: 0.0364528
A36: 292 | B36: 1454 | C36: איביאי ניהול קרנות נאמנות | D36: 510791031 | E36: .ח.פ | F36: איביאי סל Nasdaq 100 ממ | G36: IL0012004433 | H36: ISIN | I36: עוקב אחר מדדי מניות בחו"ל | J36: ישראל | K36: ארה"ב | L36: TASE | M36: NASDAQ 100 - מניות בחו"ל - מניות גיאוגרפי - מנוטרלת מט"ח-ארה"ב | N36: לא | O36: ILS | P36: 9000 | Q36: 1 | R36: 8577 | S36: 0 | T36: 771.93 | U36: 0.0011713 | V36: 0.1024861 | W36: 0.0456654
... A39: 292 | B39: 1454 | C39: מגדל קרנות נאמנות בע"מ | D39: 511303661 | E39: .ח.פ | F39: ביטחוניות ישראל Indxx )י4A) סל MTF | G39: IL0012379165 | H39: ISIN | I39: עוקב אחר מדדי מניות בחו"ל | J39: ישראל | K39: ארה"ב | L39: TASE | M39: Equity Funds | N39: לא | O39: ILS | P39: 7500 | Q39: 1 | R39: 3166 | S39: 0 | T39: 237.45 | U39: 0.0061767 | V39: 0.0315253 | W39: 0.0140469
A40: 292 | B40: 1454 | C40: SPDR TRUST | D40: 549300WRV3OCU6OV1X49 | E40: LEI | F40: SPDR S&P BANK ETF | G40: US78464A7972 | H40: ISIN | I40: עוקב אחר מדדי מניות בחו"ל | J40: חו"ל | K40: ארה"ב | L40: NYSE | M40: Equity Funds | N40: לא | O40: USD | P40: 40 | Q40: 2.978 | R40: 6822 | S40: 0 | T40: 8.12636 | U40: 1.7e-06 | V40: 0.0010789 | W40: 0.0004807
A41: 292 | B41: 1454 | C41: SPDR TRUST | D41: 549300Y12KQ6ZG08NY28 | E41: LEI | F41: FINANCIAL SELECT SECTOR SPDR | G41: US81369Y6059 | H41: ISIN | I41: עוקב אחר מדדי מניות בחו"ל | J41: חו"ל | K41: ארה"ב | L41: NYSE | M41: Equity Funds | N41: לא | O41: USD | P41: 450 | Q41: 2.978 | R41: 5361 | S41: 0 | T41: 71.84276 | U41: 4e-07 | V41: 0.0095383 | W41: 0.00425
A42: 292 | B42: 1454 | C42: SPDR TRUST | D42: 54930064FLK0RD4TRU75 | E42: LEI | F42: ENERGY SELECT SECTOR SPDR | G42: US81369Y5069 | H42: ISIN | I42: עוקב אחר מדדי מניות בחו"ל | J42: חו"ל | K42: ארה"ב | L42: אחר | M42: Equity Funds | N42: לא | O42: USD | P42: 440 | Q42: 2.978 | R42: 5311 | S42: 0 | T42: 69.59109 | U42: 6e-07 | V42: 0.0092393 | W42: 0.0041168
A43: 292 | B43: 1454 | C43: INVESCO | D43: 549300VY6FEJBCIMET58 | E43: LEI | F43: INVESCO QQQ TRUST SERIES 1 | G43: US46090E1038 | H43: ISIN | I43: עוקב אחר מדדי מניות בחו"ל | J43: חו"ל | K43: ארה"ב | L43: NYSE | M43: Equity Funds | N43: לא | O43: USD | P43: 145 | Q43: 2.978 | R43: 73640 | S43: 0.0888 | T43: 318.24933 | U43: 2e-07 | V43: 0.0422176 | W43: 0.0188112
A44: 292 | B44: 1454 | C44: SPDR TRUST | D44: 549300NZAMSJ8FXPQQ63 | E44: LEI | F44: SPDR S&P 500 ETF TRUST | G44: US78462F1030 | H44: ISIN | I44: עוקב אחר מדדי מניות בחו"ל | J44: חו"ל | K44: ארה"ב | L44: NYSE | M44: Equity Funds | N44: לא | O44: USD | P44: 125 | Q44: 2.978 | R44: 74677 | S44: 0.1771 | T44: 278.51253 | U44: 1e-07 | V44: 0.036907 | W44: 0.0164449
A45: 292 | B45: 1454 | C45: ISHARES INC | D45: 5493004SPI3IF1GDIR85 | E45: LEI | F45: ISHARES SEMICONDUCTOR ETF | G45: US4642875235 | H45: ISIN | I45: עוקב אחר מדדי מניות בחו"ל | J45: חו"ל | K45: ארה"ב | L45: NYSE | M45: Equity Funds | N45: לא | O45: USD | P45: 105 | Q45: 2.978 | R45: 64076 | S45: 0 | T45: 200.35924 | U45: 1.4e-06 | V45: 0.0266009 | W45: 0.0118527
A46: 292 | B46: 1454 | C46: SPDR TRUST | D46: 549300HQI51T8KP6U325 | E46: LEI | F46: INDUSTRIAL SELECT SECT SPDR | G46: US81369Y7040 | H46: ISIN | I46: עוקב אחר מדדי מניות בחו"ל | J46: חו"ל | K46: ארה"ב | L46: NYSE | M46: Equity Funds | N46: לא | O46: USD | P46: 65 | Q46: 2.978 | R46: 18523 | S46: 0 | T46: 35.85497 | U46: 3e-07 | V46: 0.0047603 | W46: 0.0021211
A47: 292 | B47: 1454 | C47: ISHARES INC | D47: 549300O80OAR5VTWR172 | E47: LEI | F47: ISHARES RUSSELL 2000 ETF | G47: US4642876555 | H47: ISIN | I47: עוקב אחר מדדי מניות בחו"ל | J47: חו"ל | K47: ארה"ב | L47: NYSE | M47: Equity Funds | N47: לא | O47: USD | P47: 31 | Q47: 2.978 | R47: 30045 | S47: 0 | T47: 27.73694 | U47: 1e-07 | V47: 0.0036825 | W47: 0.0016408
A48: 292 | B48: 1454 | C48: VANGUARD GROUP | D48: 254900QBKK4WBSO3GE51 | E48: LEI | F48: VANGUARD INFO TECH ETF | G48: US92204A7028 | H48: ISIN | I48: עוקב אחר מדדי מניות בחו"ל | J48: חו"ל | K48: ארה"ב | L48: NYSE | M48: Equity Funds | N48: לא | O48: USD | P48: 280 | Q48: 2.978 | R48: 11952 | S48: 0 | T48: 99.66055 | U48: 2e-07 | V48: 0.0132315 | W48: 0.0058957
A49: 292 | B49: 1454 | C49: VANGUARD GROUP | D49: 12WZ1W76P8QD4VJ6OB47 | E49: LEI | F49: VANGUARD S&P 500 ETF | G49: US9229083632 | H49: ISIN | I49: עוקב אחר מדדי מניות בחו"ל | J49: חו"ל | K49: ארה"ב | L49: NYSE | M49: Equity Funds | N49: לא | O49: USD | P49: 145 | Q49: 2.978 | R49: 68681 | S49: 0 | T49: 296.57142 | U49: 1e-07 | V49: 0.0393746 | W49: 0.0175444
A50: 292 | B50: 1454 | C50: WISDOMTREE | D50: 549300ZGGEP9JE4RUB88 | E50: LEI | F50: WISDOMTREE CLOUD COMPUTING | G50: US97717Y6914 | H50: ISIN | I50: עוקב אחר מדדי מניות בחו"ל | J50: חו"ל | K50: ארה"ב | L50: NASDAQ | M50: Equity Funds | N50: לא | O50: USD | P50: 250 | Q50: 2.978 | R50: 3205.59 | S50: 0 | T50: 23.86561 | U50: 3.2e-05 | V50: 0.0031685 | W50: 0.0014118
A51: 292 | B51: 1454 | C51: LYXOR | D51: 549300JWBW5ZYYLO6033 | E51: LEI | F51: LYX ETF S&P 500 | G51: LU1135865084 | H51: ISIN | I51: עוקב אחר מדדי מניות בחו"ל | J51: חו"ל | K51: ארה"ב | L51: LSE | M51: Equity Funds | N51: לא | O51: USD | P51: 7 | Q51: 2.978 | R51: 54336.5 | S51: 0 | T51: 11.32698 | U51: 2e-07 | V51: 0.0015038 | W51: 0.0006701
... A53: 292 | B53: 1454 | C53: RANGE RESOURCES | D53: H3Y3WLYCX0BTO1TRW162 | E53: LEI | F53: RANGE NUCLEAR RENAISSANCE INDE | G53: US3015054758 | H53: ISIN | I53: עוקב אחר מדדי מניות בחו"ל | J53: חו"ל | K53: ארה"ב | L53: NYSE | M53: Equity Funds | N53: לא | O53: USD | P53: 200 | Q53: 2.978 | R53: 6816 | S53: 0 | T53: 40.59609 | U53: 1.62e-05 | V53: 0.0053898 | W53: 0.0024016
A54: 292 | B54: 1455 | C54: קסם קרנות נאמנות | D54: 510938608 | E54: .ח.פ | F54: ) ת"א 904A) ETF קסם | G54: IL0011463317 | H54: ISIN | I54: עוקב אחר מדדי מניות בישראל | J54: ישראל | K54: ישראל | L54: TASE | M54: 90 מניות בארץ - מניות כללי-ת"א | N54: לא | O54: ILS | P54: 300 | Q54: 1 | R54: 33610 | S54: 0 | T54: 100.83 | U54: 2.84e-05 | V54: 0.1129755 | W54: 0.0234703
A55: 292 | B55: 1455 | C55: הראל קרנות מדד | D55: 511776783 | E55: .ח.פ | F55: ממ 100 4A) NASDAQ) הרל.סל סל | G55: IL0011491037 | H55: ISIN | I55: עוקב אחר מדדי מניות בחו"ל | J55: ישראל | K55: ארה"ב | L55: TASE | M55: NASDAQ 100 - מניות בחו"ל - מניות גיאוגרפי - מנוטרלת מט"ח-ארה"ב | N55: לא | O55: ILS | P55: 200 | Q55: 1 | R55: 25140 | S55: 0 | T55: 50.28 | U55: 6.48e-05 | V55: 0.0563365 | W55: 0.0117037
A56: 292 | B56: 1455 | C56: קסם קרנות נאמנות | D56: 510938608 | E56: .ח.פ | F56: .100NDXםקס | G56: IL0011465056 | H56: ISIN | I56: עוקב אחר מדדי מניות בחו"ל | J56: ישראל | K56: ארה"ב | L56: TASE | M56: NASDAQ 100 - מניות בחו"ל - מניות גיאוגרפי - חשופת מט"ח-ארה"ב | N56: לא | O56: ILS | P56: 115 | Q56: 1 | R56: 85460 | S56: 0 | T56: 98.279 | U56: 6.66e-05 | V56: 0.1101173 | W56: 0.0228765
A57: 292 | B57: 1455 | C57: מגדל קרנות נאמנות בע"מ | D57: 511303661 | E57: .ח.פ | F57: s&p 500.MTF | G57: IL0011503336 | H57: ISIN | I57: עוקב אחר מדדי מניות בחו"ל | J57: ישראל | K57: ארה"ב | L57: TASE | M57: S&P 500 - מניות בחו"ל - מניות גיאוגרפי - חשופת מט"ח-ארה"ב | N57: לא | O57: ILS | P57: 500 | Q57: 1 | R57: 9608 | S57: 0 | T57: 48.04 | U57: 7.9e-06 | V57: 0.0538267 | W57: 0.0111823
A58: 292 | B58: 1455 | C58: מגדל קרנות נאמנות בע"מ | D58: 511303661 | E58: .ח.פ | F58: ) ת"א 904Aסל )mtf | G58: IL0011502593 | H58: ISIN | I58: עוקב אחר מדדי מניות בישראל | J58: ישראל | K58: ישראל | L58: TASE | M58: 90 מניות בארץ - מניות כללי-ת"א | N58: לא | O58: ILS | P58: 3000 | Q58: 1 | R58: 5265 | S58: 0 | T58: 157.95 | U58: 6.02e-05 | V58: 0.176976 | W58: 0.0367662
A59: 292 | B59: 1455 | C59: מגדל קרנות נאמנות בע"מ | D59: 511303661 | E59: .ח.פ | F59: מנוטרלת מט"חSPTF500.M | G59: IL0011505729 | H59: ISIN | I59: עוקב אחר מדדי מניות בחו"ל | J59: ישראל | K59: ארה"ב | L59: TASE | M59: S&P 500 - מניות בחו"ל - מניות גיאוגרפי - מנוטרלת מט"ח-ארה"ב | N59: לא | O59: ILS | P59: 750 | Q59: 1 | R59: 9399 | S59: 0 | T59: 70.4925 | U59: 2.92e-05 | V59: 0.0789837 | W59: 0.0164086
A60: 292 | B60: 1455 | C60: מור ניהול קרנות נאמנות | D60: 514884485 | E60: .ח.פ | F60: ) מנוטרלת מט"חNASDAQ 100 (4A מור סל | G60: IL0011658445 | H60: ISIN | I60: עוקב אחר מדדי מניות בחו"ל | J60: ישראל | K60: ארה"ב | L60: TASE | M60: NASDAQ 100 - מניות בחו"ל - מניות גיאוגרפי - מנוטרלת מט"ח-ארה"ב | N60: לא | O60: ILS | P60: 300 | Q60: 1 | R60: 13740 | S60: 0 | T60: 41.22 | U60: 2.1e-05 | V60: 0.0461852 | W60: 0.0095948
A61: 292 | B61: 1455 | C61: מגדל קרנות נאמנות בע"מ | D61: 511303661 | E61: .ח.פ | F61: (NASDAQ 100 (4D סל MTF | G61: IL0011813875 | H61: ISIN | I61: עוקב אחר מדדי מניות בחו"ל | J61: ישראל | K61: ארה"ב | L61: TASE | M61: NASDAQ 100 - מניות בחו"ל - מניות גיאוגרפי - חשופת מט"ח-ארה"ב | N61: לא | O61: ILS | P61: 350 | Q61: 1 | R61: 6265 | S61: 0 | T61: 21.9275 | U61: 3.68e-05 | V61: 0.0245688 | W61: 0.0051041
A62: 292 | B62: 1455 | C62: מגדל קרנות נאמנות בע"מ | D62: 511303661 | E62: .ח.פ | F62: ) מנוטרלת מטחNASDAQ 100 (4A סל MTF | G62: IL0011814451 | H62: ISIN | I62: עוקב אחר מדדי מניות בחו"ל | J62: ישראל | K62: ארה"ב | L62: TASE | M62: NASDAQ 100 - מניות בחו"ל - מניות גיאוגרפי - מנוטרלת מט"ח-ארה"ב | N62: לא | O62: ILS | P62: 500 | Q62: 1 | R62: 11620 | S62: 0 | T62: 58.1 | U62: 5.41e-05 | V62: 0.0650985 | W62: 0.013524
A63: 292 | B63: 1455 | C63: מור ניהול קרנות נאמנות | D63: 514884485 | E63: .ח.פ | F63: 35 - ) ת"א4A) מור סל | G63: IL0011943805 | H63: ISIN | I63: עוקב אחר מדדי מניות בישראל | J63: ישראל | K63: ישראל | L63: TASE | M63: 35 מניות בארץ - מניות כללי-ת"א | N63: לא | O63: ILS | P63: 800 | Q63: 1 | R63: 11460 | S63: 0 | T63: 91.68 | U63: 9.62e-05 | V63: 0.1027234 | W63: 0.0213405
A64: 292 | B64: 1455 | C64: מגדל קרנות נאמנות | D64: 511303661 | E64: .ח.פ | F64: US Topure10 P Cyb ) אינדקס4D) סל MTF | G64: IL0012175613 | H64: ISIN | I64: עוקב אחר מדדי מניות בחו"ל | J64: ישראל | K64: ארה"ב | L64: TASE | M64: Equity Funds | N64: לא | O64: ILS | P64: 1500 | Q64: 1 | R64: 2229 | S64: 0 | T64: 33.435 | U64: 0.0017238 | V64: 0.0374624 | W64: 0.0077827
A65: 292 | B65: 1455 | C65: הראל קרנות מדד | D65: 511776783 | E65: .ח.פ | F65: )ממS&P N.AMERIC EX TEC SFTR(4Aלהר' ס | G65: IL0011840928 | H65: ISIN | I65: עוקב אחר מדדי מניות בחו"ל | J65: ישראל | K65: ארה"ב | L65: TASE | M65: Equity Funds | N65: לא | O65: ILS | P65: 2000 | Q65: 1 | R65: 6013 | S65: 0 | T65: 120.26 | U65: 0.0007749 | V65: 0.134746 | W65: 0.0279931

Sheet קרנות נאמנות
A1: מספר קופה/קרן/ח.פ. עבור חברת ביטוח | B1: מספר מסלול | C1: שם מנפיק | D1: מספר מנפיק | E1: סוג מספר מזהה מנפיק | F1: שם נייר ערך | G1: מספר נייר ערך | H1: סוג מספר נייר ערך | I1: מאפיין עיקרי | J1: ישראל/חו"ל | K1: מדינה לפי חשיפה כלכלית | L1: סטאטוס סחירות | M1: זירת מסחר | N1: סיווג הקרן | O1: בעל עניין/צד קשור | P1: מטבע פעילות | Q1: ערך נקוב (יחידות) | R1: שער חליפין | S1: שער נייר הערך | T1: שווי הוגן (באלפי ש"ח) | U1: שיעור מערך נקוב מונפק | V1: שיעור מנכסי אפיק ההשקעה | W1: שיעור מסך נכסי ההשקעה
A2: 292 | B2: 292 | C2: UNION BANCAIRE | D2: RARWUTN1HKEHIBESC931 | E2: LEI | F2: UBAM GLOB HIGH YLD SOL-ICUSD | G2: LU0569863243 | H2: ISIN | I2: אג"ח קונצרני | J2: חו"ל | K2: ארה"ב | L2: סחיר | M2: אחר | N2: Bond/Fixed Income Funds | O2: לא | P2: USD | Q2: 1149.89 | R2: 2.978 | S2: 28005 | T2: 958.99549 | U2: 0.0002425 | V2: 0.5887729 | W2: 0.0018754
A3: 292 | B3: 292 | C3: DIAMOND CAPITAL MANAGMENT | D3: 549300V8KQKJ3DEPEU41 | E3: LEI | F3: DIAMOND CAP-TOWER GL.HI.Y.BD(U | G3: IE00BYWJ7569 | H3: ISIN | I3: אג"ח קונצרני | J3: חו"ל | K3: גלובלי | L3: סחיר | M3: ISE | N3: Bond/Fixed Income Funds | O3: לא | P3: USD | Q3: 843.34 | R3: 2.978 | S3: 26670 | T3: 669.80812 | U3: 0.0062875 | V3: 0.4112271 | W3: 0.0013099
A4: 292 | B4: 1454
A5: 292 | B5: 1455

Sheet כתבי אופציה
A1: מספר קופה/קרן/ח.פ. עבור חברת ביטוח | B1: מספר מסלול | C1: שם מנפיק | D1: מספר מנפיק | E1: סוג מספר מזהה מנפיק | F1: שם נייר ערך | G1: מספר נייר ערך | H1: סוג מספר נייר ערך | I1: ישראל/חו"ל | J1: מדינה לפי חשיפה כלכלית | K1: סטאטוס סחירות | L1: זירת מסחר | M1: נכס בסיס (כתב אופציה) | N1: ענף מסחר | O1: תאריך פקיעה | P1: בעל עניין/צד קשור | Q1: מטבע פעילות | R1: שער מימוש | S1: יחס המרה | T1: ערך נקוב (יחידות) | U1: שער חליפין | V1: שער נייר הערך | W1: שווי הוגן (באלפי ש"ח) | X1: שיעור מנכסי אפיק ההשקעה | Y1: שיעור מסך נכסי ההשקעה
A2: 292 | B2: 292
A3: 292 | B3: 1454
A4: 292 | B4: 1455

Sheet אופציות
A1: מספר קופה/קרן/ח.פ. עבור חברת ביטוח | B1: מספר מסלול | C1: שם מנפיק | D1: מספר מנפיק | E1: סוג מספר מזהה מנפיק | F1: שם נייר ערך | G1: מספר נייר ערך | H1: סוג מספר נייר ערך | I1: מאפיין עיקרי | J1: ישראל/חו"ל | K1: מדינה לפי חשיפה כלכלית | L1: זירת מסחר | M1: ענף מסחר | N1: נכס בסיס | O1: תאריך פקיעה | P1: בעל עניין/צד קשור | Q1: מטבע פעילות | R1: שער מימוש | S1: ערך נקוב (יחידות) | T1: שער חליפין | U1: שער נייר הערך | V1: שווי הוגן (באלפי ש"ח) | W1: שיעור מנכסי אפיק ההשקעה | X1: שיעור מסך נכסי ההשקעה
A2: 292 | B2: 292
A3: 292 | B3: 1454
A4: 292 | B4: 1455

Sheet חוזים עתידיים
A1: מספר קופה/קרן/ח.פ. עבור חברת ביטוח | B1: מספר מסלול | C1: שם מנפיק | D1: מספר מנפיק | E1: סוג מספר מזהה מנפיק | F1: שם נייר ערך | G1: מספר נייר ערך | H1: סוג מספר נייר ערך | I1: ישראל/חו"ל | J1: מדינה לפי חשיפה כלכלית | K1: זירת מסחר | L1: נכס בסיס | M1: בעל עניין/צד קשור | N1: מטבע פעילות | O1: ערך נקוב (יחידות) | P1: שער חליפין | Q1: שער נייר הערך | R1: שווי הוגן (באלפי ש"ח) | S1: שיעור מנכסי אפיק ההשקעה | T1: שיעור מסך נכסי ההשקעה
A2: 292 | B2: 292
A3: 292 | B3: 1454
A4: 292 | B4: 1455

Sheet מוצרים מובנים
A1: מספר קופה/קרן/ח.פ. עבור חברת ביטוח | B1: מספר מסלול | C1: שם מנפיק | D1: מספר מנפיק | E1: סוג מספר מזהה מנפיק | F1: שם נייר ערך | G1: מספר נייר ערך | H1: סוג מספר נייר ערך | I1: מאפיין עיקרי | J1: ישראל/חו"ל | K1: מדינה לפי חשיפה כלכלית | L1: סטאטוס סחירות | M1: זירת מסחר | N1: נכס בסיס | O1: בעל עניין/צד קשור | P1: מח"מ | Q1: שיעור ריבית | R1: תשואה לפדיון | S1: דירוג | T1: שם מדרג | U1: דירוג נייר הערך/המנפיק | V1: מטבע פעילות | W1: ערך נקוב (יחידות) | X1: שער חליפין | Y1: שער נייר הערך | Z1: שווי הוגן (באלפי ש"ח) | AA1: שיעור מנכסי אפיק ההשקעה | AB1: שיעור מסך נכסי ההשקעה
A2: 292 | B2: 292
A3: 292 | B3: 1454
A4: 292 | B4: 1455

Sheet לא סחיר איגרות חוב ממשלתיות
A1: מספר קופה/קרן/ח.פ. עבור חברת ביטוח | B1: מספר מסלול | C1: שם מנפיק | D1: שם נייר ערך | E1: מספר נייר ערך | F1: סוג מספר נייר ערך | G1: מאפיין עיקרי | H1: ישראל/חו"ל | I1: מדינה לפי חשיפה כלכלית | J1: תאריך רכישה | K1: דירוג | L1: שם מדרג | M1: מטבע פעילות | N1: מח"מ | O1: מועד פדיון | P1: שיעור ריבית | Q1: תשואה לפדיון | R1: ערך נקוב (יחידות) | S1: שער חליפין | T1: שער נייר הערך | U1: שווי הוגן (באלפי ש"ח) | V1: עלות מופחתת (באלפי ש"ח) | W1: השיטה שיושמה בדוח הכספי | X1: שיעור מנכסי אפיק ההשקעה | Y1: שיעור מסך נכסי ההשקעה
A2: 292 | B2: 292
A3: 292 | B3: 1454
A4: 292 | B4: 1455

Sheet לא סחיר איגרות חוב מיועדות
A1: מספר קופה/קרן/ח.פ. עבור חברת ביטוח | B1: מספר מסלול | C1: מאפיין עיקרי | D1: שם נייר ערך | E1: מספר נייר ערך | F1: תאריך רכישה | G1: מח"מ | H1: סוג הצמדה | I1: מועד פדיון | J1: שיעור ריבית | K1: תשואה לפדיון | L1: ערך נקוב (יחידות) | M1: שער נייר הערך | N1: שווי הוגן (באלפי ש"ח) | O1: עלות מופחתת (באלפי ש"ח) | P1: השיטה שיושמה בדוח הכספי | Q1: שיעור מנכסי אפיק ההשקעה | R1: שיעור מסך נכסי ההשקעה
A2: 292 | B2: 292
A3: 292 | B3: 1454
A4: 292 | B4: 1455

Sheet אפיק השקעה מובטח תשואה
A1: מספר קרן | B1: מספר מסלול | C1: מאפיין עיקרי | D1: חודש הנפקת שכבה | E1: חודש הבדיקה | F1: שווי הנכסים באפיק (באלפי ש"ח) | G1: שיעור מסך נכסי ההשקעה
A2: 292 | B2: 292
A3: 292 | B3: 1454
A4: 292 | B4: 1455

Sheet לא סחיר ניירות ערך מסחריים
A1: מספר קופה/קרן/ח.פ. עבור חברת ביטוח | B1: מספר מסלול | C1: שם מנפיק | D1: מספר מנפיק | E1: סוג מספר מזהה מנפיק | F1: שם נייר ערך | G1: מספר נייר ערך | H1: סוג מספר נייר ערך | I1: מאפיין עיקרי | J1: ישראל/חו"ל | K1: מדינה לפי חשיפה כלכלית | L1: ענף מסחר | M1: בעל עניין/צד קשור | N1: תאריך רכישה | O1: דירוג | P1: שם מדרג | Q1: דירוג נייר הערך/המנפיק | R1: מטבע פעילות | S1: מח"מ | T1: סוג הצמדה | U1: ריבית עוגן | V1: מועד פדיון | W1: שיעור ריבית | X1: תשואה לפדיון | Y1: נחיתות חוזית | Z1: האם סווג כחוב בעייתי | AA1: סוג גורם משערך | AB1: תלות/אי-תלות המשערך | AC1: שם גורם משערך | AD1: תאריך שערוך אחרון | AE1: תאריך אחרון בו נבחנה בפועל ירידת ערך | AF1: ערך נקוב (יחידות) | AG1: שער חליפין | AH1: שער נייר הערך | AI1: שווי הוגן (באלפי ש"ח) | AJ1: עלות מופחתת (באלפי ש"ח) | AK1: עלות מופחתת (במטבע הפעילות) | AL1: השיטה שיושמה בדוח הכספי | AM1: שיעור מנכסי אפיק ההשקעה | AN1: שיעור מסך נכסי ההשקעה
A2: 292 | B2: 292
A3: 292 | B3: 1454
A4: 292 | B4: 1455

Sheet לא סחיר איגרות חוב
A1: מספר קופה/קרן/ח.פ. עבור חברת ביטוח | B1: מספר מסלול | C1: שם מנפיק | D1: מספר מנפיק | E1: סוג מספר מזהה מנפיק | F1: שם נייר ערך | G1: מספר נייר ערך | H1: סוג מספר נייר ערך | I1: מאפיין עיקרי | J1: ישראל/חו"ל | K1: מדינה לפי חשיפה כלכלית | L1: סטאטוס סחירות | M1: ענף מסחר | N1: בעל עניין/צד קשור | O1: תאריך רכישה | P1: דירוג | Q1: שם מדרג | R1: דירוג נייר הערך/המנפיק | S1: מטבע פעילות | T1: מח"מ | U1: מועד פדיון | V1: תשואה לפדיון | W1: שיעור ריבית | X1: נחיתות חוזית | Y1: האם סווג כחוב בעייתי | Z1: סוג גורם משערך | AA1: תלות/אי-תלות המשערך | AB1: תאריך שערוך אחרון | AC1: תאריך אחרון בו נבחנה בפועל ירידת ערך | AD1: ערך נקוב (יחידות) | AE1: שער חליפין | AF1: שער נייר הערך | AG1: שווי הוגן (באלפי ש"ח) | AH1: עלות מופחתת (באלפי ש"ח) | AI1: עלות מופחתת (במטבע הפעילות) | AJ1: השיטה שיושמה בדוח הכספי | AK1: שיעור מנכסי אפיק ההשקעה | AL1: שיעור מסך נכסי ההשקעה
A2: 292 | B2: 292 | C2: מרכז תעשיות מידע חיפה בע"מ | D2: 510687403 | E2: ח.פ. | F2: מת"ם אגח א -רמ | G2: IL0011389991 | H2: ISIN | I2: לא צמוד למדד המחירים לצרכן | J2: ישראל | K2: ישראל | L2: לא סחיר | M2: נדל"ן מניב בישראל | N2: לא | O2: 05/12/2018 | P2: Aa2.il | Q2: מידרוג Moodys | R2: נייר ערך | S2: ILS | T2: 0.99 | U2: 30/06/2027 | V2: 0.0373 | W2: 0.031 | X2: החוב לא נחות | Y2: לא | Z2: חברת ציטוט | AA2: אי תלות | AB2: 30/06/2026 | AC2: 30/06/2026 | AD2: 118658.44 | AE2: 1 | AF2: 99.43 | AG2: 117.98208 | AJ2: שווי הוגן | AK2: 0.999998 | AL2: 0.0002307
A3: 292 | B3: 292 | C3: אלון חברת הלק | D3: 520041690 | E3: ח.פ. | F3: אלון דלק אגח א' לס | G3: IL0011015679 | H3: ISIN | I3: צמוד למדד המחירים לצרכן | J3: ישראל | K3: ישראל | L3: לא סחיר | M3: השקעה ואחזקות | N3: לא | O3: 31/08/2016 | P3: NR | Q3: NR | R3: NR | S3: ILS | T3: N/A | U3: 30/06/2026 | V3: 0.0151 | W3: 0.056 | X3: החוב נחות | Y3: כן | Z3: גורם תלוי/פנימי | AA3: קיימת תלות | AB3: 30/03/2023 | AC3: 30/03/2023 | AD3: 246550.96 | AE3: 1 | AF3: 0.0001 | AG3: 0.00024 | AJ3: שווי הוגן | AK3: 2e-06 | AL3: 0
A4: 292 | B4: 1454
A5: 292 | B5: 1455

Sheet לא סחיר מניות מבכ ויהש
A1: מספר קופה/קרן/ח.פ. עבור חברת ביטוח | B1: מספר מסלול | C1: שם מנפיק | D1: מספר מנפיק | E1: סוג מספר מזהה מנפיק | F1: שם נייר ערך | G1: מספר נייר ערך | H1: סוג מספר נייר ערך | I1: מאפיין עיקרי | J1: ישראל/חו"ל | K1: מדינה לפי חשיפה כלכלית | L1: סטאטוס סחירות | M1: ענף מסחר | N1: בעל עניין/צד קשור | O1: תאריך רכישה | P1: מטבע פעילות | Q1: סוג גורם משערך | R1: תלות/אי-תלות המשערך | S1: תאריך שערוך אחרון | T1: תאריך אחרון בו נבחנה בפועל ירידת ערך | U1: ערך נקוב (יחידות) | V1: שער חליפין | W1: שער נייר הערך | X1: שווי הוגן (באלפי ש"ח) | Y1: שיעור מנכסי אפיק ההשקעה | Z1: שיעור מסך נכסי ההשקעה
A2: 292 | B2: 292 | C2: יומן אקסטנשנס | D2: 514707736 | E2: ח.פ. | F2: Human xtensions | G2: 62019609 | H2: פנימי | I2: מניות לא סחירות | J2: ישראל | K2: ישראל | L2: לא סחיר | M2: מכשור רפואי | N2: לא | O2: 04/11/2019 | P2: ILS | Q2: דיווח מנהל הקרן | R2: אי תלות | S2: 03/06/2026 | T2: 03/06/2026 | U2: 29235 | V2: 1 | W2: 20.9 | X2: 6.11011 | Y2: 0.0367527 | Z2: 1.19e-05
A3: 292 | B3: 292 | C3: אלון חברת הדלק | D3: 520041690 | E3: ח.פ. | F3: מניות אלון דלק לא סחירה | G3: 100448679 | H3: פנימי | I3: מניות לא סחירות | J3: ישראל | K3: ישראל | L3: לא סחיר | M3: השקעה ואחזקות | N3: לא | O3: 10/07/2019 | P3: ILS | Q3: גורם תלוי/פנימי | R3: אי תלות | S3: 03/11/2021 | T3: 03/11/2021 | U3: 17902.05 | V3: 1 | W3: 0.0001 | X3: 1e-05 | Y3: 1e-07 | Z3: 0
A4: 292 | B4: 292 | C4: ODYSIGHT.AI LTD | D4: 997601 | E4: מספר מנפיק | F4: מניה ODYSIGHT | G4: US81063V2043 | H4: ISIN | I4: מניות לא סחירות | J4: חו"ל | K4: ארה"ב | L4: לא סחיר | M4: Other | N4: לא | O4: 05/04/2021 | P4: USD | Q4: דיווח מנהל הקרן | R4: אי תלות | S4: 30/06/2026 | T4: 30/06/2026 | U4: 59749 | V4: 2.978 | W4: 90 | X4: 160.13926 | Y4: 0.9632473 | Z4: 0.0003132
A5: 292 | B5: 1454 | C5: ODYSIGHT.AI LTD | D5: 997601 | E5: מספר מנפיק | F5: מניה ODYSIGHT | G5: US81063V2043 | H5: ISIN | I5: מניות לא סחירות | J5: חו"ל | K5: ארה"ב | L5: לא סחיר | M5: Other | N5: לא | O5: 05/04/2021 | P5: USD | Q5: דיווח מנהל הקרן | R5: אי תלות | S5: 30/06/2026 | T5: 30/06/2026 | U5: 341 | V5: 2.978 | W5: 90 | X5: 0.91394 | Y5: 0.9171592 | Z5: 5.41e-05
A6: 292 | B6: 1454 | C6: ATERIAN INC | D6: 997637 | E6: מספר מנפיק | F6: מניה ATERIAN INC | G6: US02156U2006 | H6: ISIN | I6: מניות לא סחירות | J6: חו"ל | K6: ארה"ב | L6: לא סחיר | M6: Household Products | N6: לא | O6: 19/09/2021 | P6: USD | Q6: דיווח מנהל הקרן | R6: אי תלות | S6: 30/06/2026 | T6: 30/06/2026 | U6: 21 | V6: 2.978 | W6: 132 | X6: 0.08255 | Y6: 0.0828408 | Z6: 4.9e-06
A7: 292 | B7: 1455

Sheet קרנות השקעה
A1: מספר קופה/קרן/ח.פ. עבור חברת ביטוח | B1: מספר מסלול | C1: שם שותף כללי קרן השקעות | D1: מספר מזהה שותף כללי קרן השקעות | E1: סוג מספר מזהה שותף כללי קרן השקעות | F1: שם קרן השקעה | G1: מספר מזהה קרן השקעה | H1: סוג מספר מזהה קרן השקעות | I1: מאפיין עיקרי | J1: אסטרטגיית קרן ההשקעה | K1: ישראל/חו"ל | L1: מדינת התאגדות קרן השקעה | M1: מיקום משרד השותף הכללי | N1: מדינה לפי חשיפה כלכלית | O1: בעל עניין/צד קשור | P1: תאריך רכישה | Q1: מטבע פעילות | R1: סוג גורם משערך | S1: תלות/אי-תלות המשערך | T1: תאריך שערוך אחרון | U1: שער חליפין | V1: NAV (במטבע הדיווח של קרן ההשקעה) | W1: שווי הוגן (באלפי ש"ח) | X1: שיעור החזקה בקרן השקעה | Y1: שיעור מנכסי אפיק ההשקעה | Z1: שיעור מסך נכסי ההשקעה
A2: 292 | B2: 292 | C2: יסודות נדל"ן | D2: 540290103 | E2: מספר שותפות | F2: יסודות נדל"ן ג' פיתוח ושותפות | G2: 500004050 | H2: פנימי | I2: קרן נדל"ן | J2: Opportunistic Real Estate | K2: ישראל | L2: ישראל | M2: ישראל | N2: ישראל | O2: לא | P2: 01/12/2019 | Q2: ILS | R2: גורם תלוי/פנימי | S2: קיימת תלות | T2: 10/06/2026 | U2: 1 | V2: 1236.4989 | W2: 1236.4989 | X2: 1 | Y2: 0.0390419 | Z2: 0.0024181
A3: 292 | B3: 292 | C3: ALPHA LTI | D3: 530253806 | E3: ח.פ. | F3: אלפא 1 קרן השקעה | G3: 100369214 | H3: פנימי | I3: קרן השקעה אחרת | J3: Co-Investment/Direct | K3: ישראל | L3: ישראל | M3: ישראל | N3: ישראל | O3: לא | P3: 10/01/2017 | Q3: ILS | R3: מומחה בלתי תלוי | S3: אי תלות | T3: 10/06/2026 | U3: 1 | V3: 5132.2835 | W3: 5132.2835 | X3: 0.6803937 | Y3: 0.1620497 | Z3: 0.0100367
A4: 292 | B4: 292 | C4: קיי סי פי אס | D4: 516068343 | E4: ח.פ. | F4: KCS קרן | G4: 62019344 | H4: פנימי | I4: קרן השקעה אחרת | J4: FOF/Managed Account | K4: ישראל | L4: ישראל | M4: ישראל | N4: ארה"ב | O4: לא | P4: 04/08/2008 | Q4: USD | R4: גורם תלוי/פנימי | S4: קיימת תלות | T4: 30/06/2026 | U4: 2.978 | V4: 25.5776 | W4: 76.17036 | X4: 0 | Y4: 0.002405 | Z4: 0.000149
A5: 292 | B5: 292 | C5: Plenus Management III L.P. | D5: 550227904 | E5: מספר שותפות | F5: PLENUS 3 | G5: 62019336 | H5: פנימי | I5: קרן השקעה אחרת | J5: Venture Debt | K5: ישראל | L5: ישראל | M5: ישראל | N5: ישראל | O5: לא | P5: 24/10/2007 | Q5: USD | R5: גורם תלוי/פנימי | S5: קיימת תלות | T5: 30/06/2026 | U5: 2.978 | V5: 6.0617 | W5: 18.05199 | X5: 0 | Y5: 0.00057 | Z5: 3.53e-05
A6: 292 | B6: 292 | C6: WINDIN | D6: 516177821 | E6: ח.פ. | F6: WINDIN CAPITAL FUND LP | G6: 62019922 | H6: פנימי | I6: קרן השקעה אחרת | J6: Co-Investment/Direct | K6: ישראל | L6: ישראל | M6: ישראל | N6: אירופה | O6: לא | P6: 01/07/2020 | Q6: EUR | R6: דיווח מנהל הקרן | S6: אי תלות | T6: 30/06/2026 | U6: 3.3945 | V6: 430.8101 | W6: 1462.3851 | X6: 0 | Y6: 0.0461742 | Z6: 0.0028598
A7: 292 | B7: 292 | C7: תשתיות ישראל | D7: 516183548 | E7: ח.פ. | F7: תשתיות ישראל 4 | G7: 62019955 | H7: פנימי | I7: קרן השקעה אחרת | J7: Opportunistic Infrastructure | K7: ישראל | L7: ישראל | M7: ישראל | N7: ישראל | O7: לא | P7: 01/10/2020 | Q7: USD | R7: גורם תלוי/פנימי | S7: קיימת תלות | T7: 30/06/2026 | U7: 2.978 | V7: 603.7902 | W7: 1798.0874 | X7: 1 | Y7: 0.0567739 | Z7: 0.0035163
A8: 292 | B8: 292 | C8: וינטאג' 5 אקסס | D8: 98-1017947 | E8: מספר תאגיד או שותפות בחו"ל | F8: VINTAGE FOF V ISRAEL | G8: 62015334 | H8: פנימי | I8: קרן השקעה אחרת | J8: FOF/Managed Account | K8: ישראל | L8: ישראל | M8: ישראל | N8: ישראל | O8: לא | P8: 01/11/2018 | Q8: USD | R8: גורם תלוי/פנימי | S8: קיימת תלות | T8: 30/06/2026 | U8: 2.978 | V8: 1169.9325 | W8: 3484.059 | X8: 0.0074076 | Y8: 0.1100077 | Z8: 0.0068134
A9: 292 | B9: 292 | C9: מדיקה | D9: 530222025 | E9: מספר שותפות | F9: קרן מדיקה 3 | G9: 62019369 | H9: פנימי | I9: קרן השקעה אחרת | J9: Growth Venture Capital | K9: ישראל | L9: ישראל | M9: ישראל | N9: ישראל | O9: לא | P9: 06/01/2005 | Q9: USD | R9: גורם תלוי/פנימי | S9: קיימת תלות | T9: 30/06/2026 | U9: 2.978 | V9: 12.7282 | W9: 37.90467 | X9: 0.000428 | Y9: 0.0011968 | Z9: 7.41e-05
A10: 292 | B10: 292 | C10: פימי | D10: 514057074 | E10: ח.פ. | F10: פימי 4 | G10: 62018148 | H10: פנימי | I10: קרן השקעה אחרת | J10: Other | K10: ישראל | L10: ישראל | M10: ישראל | N10: ישראל | O10: לא | P10: 01/08/2008 | Q10: USD | R10: גורם תלוי/פנימי | S10: קיימת תלות | T10: 30/06/2026 | U10: 2.978 | V10: 3.3807 | W10: 10.06787 | X10: 0.001331 | Y10: 0.0003179 | Z10: 1.97e-05
A11: 292 | B11: 292 | C11: פורטיסימו | D11: 530232164 | E11: מספר שותפות | F11: FORTISSIMO CAPITAL FUND II LP | G11: 62019351 | H11: פנימי | I11: קרן השקעה אחרת | J11: Co-Investment/Direct | K11: ישראל | L11: ישראל | M11: ישראל | N11: ישראל | O11: לא | P11: 11/06/2008 | Q11: USD | R11: גורם תלוי/פנימי | S11: קיימת תלות | T11: 30/06/2026 | U11: 2.978 | V11: 4.9378 | W11: 14.705 | X11: 0.003384 | Y11: 0.0004643 | Z11: 2.88e-05
A12: 292 | B12: 292 | C12: פימי אופרטוניטי | D12: 514057074 | E12: ח.פ. | F12: פימי 2 קרן השקעות | G12: 9840907 | H12: פנימי | I12: קרן השקעה אחרת | J12: Co-Investment/Direct | K12: ישראל | L12: ישראל | M12: ישראל | N12: ישראל | O12: לא | P12: 10/10/2005 | Q12: USD | R12: גורם תלוי/פנימי | S12: קיימת תלות | T12: 30/06/2026 | U12: 2.978 | V12: 7.5491 | W12: 22.48137 | X12: 0.0193568 | Y12: 0.0007098 | Z12: 4.4e-05
A13: 292 | B13: 292 | C13: Plenus Management IV L.P. | D13: 550227904 | E13: ח.פ. | F13: פלנוס מזנין קרן השקעה | G13: 9840922 | H13: פנימי | I13: קרן השקעה אחרת | J13: Special Situations Debt | K13: ישראל | L13: ישראל | M13: ישראל | N13: ישראל | O13: לא | P13: 01/01/2007 | Q13: USD | R13: גורם תלוי/פנימי | S13: קיימת תלות | T13: 30/06/2026 | U13: 2.978 | V13: 4.28 | W13: 12.74595 | X13: 0.0014472 | Y13: 0.0004024 | Z13: 2.49e-05
A14: 292 | B14: 292 | C14: ALPHA LTI | D14: 530253806 | E14: מספר שותפות | F14: קרן גידור אלפא הזדמנויות | G14: 100458561 | H14: פנימי | I14: קרן גידור (Hedge Fund) | J14: Growth Venture Capital | K14: חו"ל | L14: ישראל | M14: ישראל | N14: ישראל | O14: לא | P14: 04/06/2017 | Q14: ILS | R14: מומחה בלתי תלוי | S14: אי תלות | T14: 10/06/2026 | U14: 1 | V14: 6805.5022 | W14: 6805.5022 | X14: 0.4468044 | Y14: 0.2148809 | Z14: 0.0133088
A15: 292 | B15: 292 | C15: BLU ARCH CAPITAL | D15: 82-1713871 | E15: מספר תאגיד או שותפות בחו"ל | F15: BLUE ATLANTIC PARTNERS II | G15: 62019872 | H15: פנימי | I15: קרן נדל"ן | J15: Direct Real Estate | K15: חו"ל | L15: ארה"ב | M15: ארה"ב | N15: ארה"ב | O15: לא | P15: 22/06/2017 | Q15: USD | R15: גורם תלוי/פנימי | S15: קיימת תלות | T15: 30/06/2026 | U15: 2.978 | V15: 751.7399 | W15: 2238.6816 | X15: 0.0107296 | Y15: 0.0706854 | Z15: 0.004378
A16: 292 | B16: 292 | C16: אלטו | D16: 516723475 | E16: ח.פ. | F16: ALTO III | G16: 62019864 | H16: פנימי | I16: קרן נדל"ן | J16: Value Added Real Estate | K16: חו"ל | L16: ישראל | M16: ישראל | N16: ארה"ב | O16: לא | P16: 22/03/2017 | Q16: USD | R16: גורם תלוי/פנימי | S16: קיימת תלות | T16: 30/06/2026 | U16: 2.978 | V16: 213.5099 | W16: 635.8326 | X16: 0 | Y16: 0.0200761 | Z16: 0.0012434
A17: 292 | B17: 292 | C17: מונטה | D17: 515750941 | E17: ח.פ. | F17: MONETA CAPITAL LIMITED PAR IBI | G17: 62019914 | H17: פנימי | I17: קרן השקעה אחרת | J17: Co-Investment/Direct | K17: חו"ל | L17: ישראל | M17: ישראל | N17: ארה"ב | O17: לא | P17: 01/01/2019 | Q17: USD | R17: גורם תלוי/פנימי | S17: קיימת תלות | T17: 30/06/2026 | U17: 2.978 | V17: 209.2167 | W17: 623.04761 | X17: 0 | Y17: 0.0196725 | Z17: 0.0012184
A18: 292 | B18: 292 | C18: המילטון ליין | D18: 513782094 | E18: ח.פ. | F18: Hamilton Lane Co-Investment Offshor | G18: 62019906 | H18: פנימי | I18: קרן השקעה אחרת | J18: Co-Investment/Direct | K18: חו"ל | L18: ישראל | M18: ישראל | N18: ארה"ב | O18: לא | P18: 01/05/2019 | Q18: USD | R18: גורם תלוי/פנימי | S18: קיימת תלות | T18: 30/06/2026 | U18: 2.978 | V18: 661.4386 | W18: 1969.7643 | X18: 0 | Y18: 0.0621945 | Z18: 0.0038521
A19: 292 | B19: 292 | C19: פורמה | D19: 515527968 | E19: ח.פ. | F19: FORMA FUND | G19: 62019898 | H19: פנימי | I19: קרן השקעה אחרת | J19: Core-Plus | K19: חו"ל | L19: ישראל | M19: ישראל | N19: ארה"ב | O19: לא | P19: 01/08/2017 | Q19: EUR | R19: גורם תלוי/פנימי | S19: קיימת תלות | T19: 30/06/2026 | U19: 3.3945 | V19: 154.3166 | W19: 523.82775 | X19: 0 | Y19: 0.0165396 | Z19: 0.0010244
A20: 292 | B20: 292 | C20: Harbourvest Partners LLC | D20: 801-53287 | E20: מספר תאגיד או שותפות בחו"ל | F20: DOVER STREET X LP | G20: 62019880 | H20: פנימי | I20: קרן השקעה אחרת | J20: Co-Investment/Direct | K20: חו"ל | L20: ארה"ב | M20: ארה"ב | N20: ארה"ב | O20: לא | P20: 01/01/2020 | Q20: USD | R20: גורם תלוי/פנימי | S20: קיימת תלות | T20: 30/06/2026 | U20: 2.978 | V20: 639.3983 | W20: 1904.1284 | X20: 0 | Y20: 0.060122 | Z20: 0.0037237
A21: 292 | B21: 292 | C21: פרופימקס | D21: 514567692 | E21: ח.פ. | F21: פרופימיקס | G21: 62019419 | H21: פנימי | I21: קרן נדל"ן | J21: FOF/Managed Account | K21: חו"ל | L21: ישראל | M21: ישראל | N21: ישראל | O21: לא | P21: 18/12/2007 | Q21: USD | R21: גורם תלוי/פנימי | S21: קיימת תלות | T21: 30/06/2026 | U21: 2.978 | V21: 2.8885 | W21: 8.60225 | X21: 0 | Y21: 0.0002716 | Z21: 1.68e-05
A22: 292 | B22: 292 | C22: אלקטרה נדל"ן | D22: 510607328 | E22: ח.פ. | F22: קרן אלקטרה נדלן 2 | G22: 62019948 | H22: פנימי | I22: קרן נדל"ן | J22: Direct Real Estate | K22: חו"ל | L22: ישראל | M22: ישראל | N22: ארה"ב | O22: לא | P22: 07/08/2018 | Q22: USD | R22: גורם תלוי/פנימי | S22: קיימת תלות | T22: 30/06/2026 | U22: 2.978 | V22: 426.1799 | W22: 1269.1638 | X22: 0.003117 | Y22: 0.0400733 | Z22: 0.002482
A23: 292 | B23: 292 | C23: אלקטרה נדל"ן | D23: 510607328 | E23: ח.פ. | F23: אלקטרה נדל"ן 3 | G23: 62019930 | H23: פנימי | I23: קרן נדל"ן | J23: Direct Real Estate | K23: חו"ל | L23: ישראל | M23: ישראל | N23: ארה"ב | O23: לא | P23: 17/08/2020 | Q23: USD | R23: גורם תלוי/פנימי | S23: קיימת תלות | T23: 30/06/2026 | U23: 2.978 | V23: 801.564 | W23: 2387.0578 | X23: 0.0029116 | Y23: 0.0753703 | Z23: 0.0046681
A24: 292 | B24: 1454
A25: 292 | B25: 1455

Sheet לא סחיר כתבי אופציה
A1: מספר קופה/קרן/ח.פ. עבור חברת ביטוח | B1: מספר מסלול | C1: שם מנפיק | D1: מספר מנפיק | E1: סוג מספר מזהה מנפיק | F1: שם נייר ערך | G1: מספר נייר ערך | H1: סוג מספר נייר ערך | I1: ישראל/חו"ל | J1: מדינה לפי חשיפה כלכלית | K1: סטאטוס סחירות | L1: נכס בסיס (כתב אופציה) | M1: ענף מסחר | N1: תאריך פקיעה | O1: בעל עניין/צד קשור | P1: תאריך רכישה | Q1: מטבע פעילות | R1: סוג גורם משערך | S1: תלות/אי-תלות המשערך | T1: תאריך שערוך אחרון | U1: שער מימוש | V1: יחס המרה | W1: ערך נקוב (יחידות) | X1: שער נייר הערך | Y1: שער חליפין | Z1: שווי הוגן (באלפי ש"ח) | AA1: שיעור מנכסי אפיק ההשקעה | AB1: שיעור מסך נכסי ההשקעה
A2: 292 | B2: 292
A3: 292 | B3: 1454
A4: 292 | B4: 1455

Sheet לא סחיר אופציות
A1: מספר קופה/קרן/ח.פ. עבור חברת ביטוח | B1: מספר מסלול | C1: שם מנפיק | D1: מספר מנפיק | E1: סוג מספר מזהה מנפיק | F1: שם נייר ערך | G1: מספר נייר ערך | H1: סוג מספר נייר ערך | I1: מאפיין עיקרי | J1: ישראל/חו"ל | K1: מדינה לפי חשיפה כלכלית | L1: ענף מסחר | M1: נכס בסיס | N1: תאריך פקיעה | O1: בעל עניין/צד קשור | P1: תאריך רכישה | Q1: מטבע פעילות | R1: סוג גורם משערך | S1: תלות/אי-תלות המשערך | T1: תאריך שערוך אחרון | U1: שער מימוש | V1: יחס המרה | W1: ערך נקוב (יחידות) | X1: שער נייר הערך | Y1: שער חליפין | Z1: שווי הוגן (באלפי ש"ח) | AA1: שיעור מנכסי אפיק ההשקעה | AB1: שיעור מסך נכסי ההשקעה
A2: 292 | B2: 292
A3: 292 | B3: 1454
A4: 292 | B4: 1455

Sheet לא סחיר נגזרים אחרים
A1: מספר קופה/קרן/ח.פ. עבור חברת ביטוח | B1: מספר מסלול | C1: מאפיין עיקרי | D1: מספר עסקה (רגל 1) | E1: מטבע פעילות (רגל 1) | F1: שער חליפין (רגל 1) | G1: ערך נקוב (רגל 1) | H1: שווי הוגן במטבע הנסחר (רגל 1) | I1: שיעור מנכסי אפיק ההשקעה (רגל 1) | J1: שיעור מסך נכסי ההשקעה (רגל 1) | K1: מספר עסקה (רגל 2) | L1: מטבע פעילות (רגל 2) | M1: שער חליפין (רגל 2) | N1: ערך נקוב (רגל 2) | O1: שווי הוגן במטבע הנסחר (רגל 2) | P1: שיעור מנכסי אפיק ההשקעה (רגל 2) | Q1: שיעור מסך נכסי ההשקעה (רגל 2) | R1: שווי הוגן (נטו באלפי ש"ח) | S1: ישראל/חו"ל | T1: מדינה לפי חשיפה כלכלית | U1: סוג הנכס | V1: פקטור מוביל | W1: פקטור נוסף | X1: טיקר | Y1: בעל עניין/צד קשור | Z1: מועד ההתקשרות בעסקה | AA1: מועד סיום חוזי | AB1: תדירות Reset | AC1: סוג הסליקה | AD1: נספח התחשבנות בטחונות - CSA | AE1: גורם מצטט | AF1: ריבית עוגן | AG1: תקופת ריבית עוגן | AH1: שיעור ריבית עוגן | AI1: שער נכס הבסיס במועד ההתקשרות בעסקה | AJ1: שער הנגזר במועד ההתקשרות בעסקה | AK1: האם קיים קנס בגין יציאה מוקדמת | AL1: שיעור הקנס בגין יציאה מוקדמת | AM1: צד נגדי - Counterparty | AN1: שיעור מנכסי אפיק ההשקעה | AO1: שיעור מסך נכסי ההשקעה
A2: 292 | B2: 292 | C2: Unfunded Forward | D2: 9951756 | E2: USD | F2: 2.978 | G2: -13000000 | H2: -387.27 | I2: -2.0974442 | J2: -0.0007573 | K2: 9951756 | L2: ILS | M2: 1 | N2: 38870000 | O2: 571.909 | P2: 3.0974442 | Q2: 0.0011184 | R2: 184.639 | S2: ישראל | T2: ישראל | U2: מט"ח | V2: מדינה/איזור גאוגרפי | W2: מט"ח/שקל | X2: USDILS | Y2: לא | Z2: 29/06/2026 | AA2: 46233 | AB2: ללא | AC2: No-delivery | AD2: לא | AE2: גורם אחר | AF2: ללא | AG2: ללא | AH2: 0 | AI2: 2.979 | AJ2: 2.99 | AK2: לא | AL2: N/A | AM2: POALILIT | AN2: 1 | AO2: 0.0003611
A3: 292 | B3: 1454
A4: 292 | B4: 1455

Sheet הלוואות
A1: מספר קופה/קרן/ח.פ. עבור חברת ביטוח | B1: מספר מסלול | C1: מספר מזהה לווה | D1: סוג מספר מזהה לווה | E1: שם הלוואה | F1: מספר הלוואה | G1: מאפיין עיקרי | H1: מאפיין הלוואות מתואמות עבור זכויות מקרקעין | I1: ישראל/חו"ל | J1: מדינה לפי חשיפה כלכלית | K1: ענף מסחר | L1: בעל עניין/צד קשור | M1: קונסורציום/ סינדיקציה | N1: מספר קונסורציום/ סינדיקציה | O1: תאריך העמדת הלוואה | P1: דירוג | Q1: שם מדרג | R1: דירוג הלוואה/המנפיק | S1: מטבע פעילות | T1: מח"מ | U1: סוג הריבית | V1: שיעור ריבית | W1: סוג הצמדה | X1: ריבית עוגן | Y1: שיעור תוספת/הפחתה לריבית העוגן | Z1: תשואה לפדיון | AA1: מועד פדיון | AB1: נחיתות חוזית | AC1: סוג בטוחה | AD1: שווי הבטוחות העומדות כנגד ההלוואה | AE1: שיעור הבטוחות מהחוב | AF1: מועד עדכון אחרון לשווי הבטוחות | AG1: זכות חזרה | AH1: מבנה לוח סילוקין | AI1: יעוד הלוואה | AJ1: זכות פירעון מוקדם | AK1: סוג גורם משערך | AL1: שם גורם משערך | AM1: תלות/אי-תלות המשערך | AN1: תאריך שערוך אחרון | AO1: תאריך אחרון בו נבחנה בפועל ירידת ערך | AP1: שיעור ריבית בגין אי-ניצול מסגרת האשראי | AQ1: ערך נקוב | AR1: שער הלוואה | AS1: שער חליפין | AT1: שווי הוגן (באלפי ש"ח) | AU1: שווי הוגן (במטבע הפעילות) | AV1: עלות מופחתת (באלפי ש"ח) | AW1: עלות מופחתת (במטבע הפעילות) | AX1: האם סווג כחוב בעייתי | AY1: השיטה שיושמה בדוח הכספי | AZ1: שיעור מנכסי אפיק ההשקעה | BA1: שיעור מסך נכסי ההשקעה
A2: 292 | B2: 292 | C2: 512475203 | D2: ח.פ. | E2: דרך ארץ 1 | F2: 100074277 | G2: תאגיד | I2: ישראל | J2: ישראל | K2: תשתיות | L2: לא | M2: כן | N2: =_xlfn.XLOOKUP(F2,[1]הלוואות!$F:$F,[1]הלוואות!$N:$N) -> 90150701 | O2: 28/10/1999 | P2: Aaa.il | Q2: מידרוג Moodys | R2: הלוואה | S2: ILS | T2: 0.75 | U2: קבועה | V2: 0.067142 | W2: צמוד למדד המחירים לצרכן | X2: ריבית בנק ישראל | Y2: 0 | Z2: 0.0202 | AA2: 30/06/2027 | AB2: החוב לא נחות | AC2: תשתיות | AD2: 0 | AG2: כן | AH2: אחר | AI2: מימון הרחבת כביש 6 | AJ2: לא | AK2: חברת ציטוט | AL2: NFV | AM2: אי תלות | AN2: 30/06/2026 | AO2: 30/06/2026 | AQ2: 4065.6 | AR2: 162.59 | AS2: 1 | AT2: 6.61025 | AU2: 6.6102 | AX2: לא | AY2: שווי הוגן | AZ2: 0.0010601 | BA2: 1.29e-05
A3: 292 | B3: 292 | C3: 512475203 | D3: ח.פ. | E3: דרך ארץ 1 א | F3: 100072941 | G3: תאגיד | I3: ישראל | J3: ישראל | K3: תשתיות | L3: לא | M3: כן | N3: =_xlfn.XLOOKUP(F3,[1]הלוואות!$F:$F,[1]הלוואות!$N:$N) -> 90150501 | O3: 28/10/1999 | P3: Aaa.il | Q3: מידרוג Moodys | R3: הלוואה | S3: ILS | T3: 0.75 | U3: קבועה | V3: 0.067142 | W3: צמוד למדד המחירים לצרכן | X3: ריבית בנק ישראל | Y3: 0 | Z3: 0.0201 | AA3: 30/06/2027 | AB3: החוב לא נחות | AC3: תשתיות | AD3: 0 | AG3: כן | AH3: אחר | AI3: מימון הרחבת כביש 6 | AJ3: לא | AK3: חברת ציטוט | AL3: NFV | AM3: אי תלות | AN3: 30/06/2026 | AO3: 30/06/2026 | AQ3: 4065.55 | AR3: 161.05 | AS3: 1 | AT3: 6.54756 | AU3: 6.5475 | AX3: לא | AY3: שווי הוגן | AZ3: 0.0010501 | BA3: 1.28e-05
A4: 292 | B4: 292 | C4: 512475203 | D4: ח.פ. | E4: דרך ארץ 10 | F4: 100075189 | G4: תאגיד | I4: ישראל | J4: ישראל | K4: תשתיות | L4: לא | M4: כן | N4: =_xlfn.XLOOKUP(F4,[1]הלוואות!$F:$F,[1]הלוואות!$N:$N) -> 90150710 | O4: 28/10/1999 | P4: Aaa.il | Q4: מידרוג Moodys | R4: הלוואה | S4: ILS | T4: 0.75 | U4: קבועה | V4: 0.066142 | W4: צמוד למדד המחירים לצרכן | X4: ריבית בנק ישראל | Y4: 0 | Z4: 0.0202 | AA4: 30/06/2027 | AB4: החוב לא נחות | AC4: תשתיות | AD4: 0 | AG4: כן | AH4: אחר | AI4: מימון הרחבת כביש 6 | AJ4: לא | AK4: חברת ציטוט | AL4: NFV | AM4: אי תלות | AN4: 30/06/2026 | AO4: 30/06/2026 | AQ4: 4900.26 | AR4: 159.41 | AS4: 1 | AT4: 7.8115 | AU4: 7.8115 | AX4: לא | AY4: שווי הוגן | AZ4: 0.0012528 | BA4: 1.53e-05
A5: 292 | B5: 292 | C5: 512475203 | D5: ח.פ. | E5: דרך ארץ 10 א | F5: 100072529 | G5: תאגיד | I5: ישראל | J5: ישראל | K5: תשתיות | L5: לא | M5: כן | N5: =_xlfn.XLOOKUP(F5,[1]הלוואות!$F:$F,[1]הלוואות!$N:$N) -> 90150510 | O5: 28/10/1999 | P5: Aaa.il | Q5: מידרוג Moodys | R5: הלוואה | S5: ILS | T5: 0.75 | U5: קבועה | V5: 0.066142 | W5: צמוד למדד המחירים לצרכן | X5: ריבית בנק ישראל | Y5: 0 | Z5: 0.0201 | AA5: 30/06/2027 | AB5: החוב לא נחות | AC5: תשתיות | AD5: 0 | AG5: כן | AH5: אחר | AI5: מימון הרחבת כביש 6 | AJ5: לא | AK5: חברת ציטוט | AL5: NFV | AM5: אי תלות | AN5: 30/06/2026 | AO5: 30/06/2026 | AQ5: 4900.24 | AR5: 157.91 | AS5: 1 | AT5: 7.73796 | AU5: 7.7379 | AX5: לא | AY5: שווי הוגן | AZ5: 0.001241 | BA5: 1.51e-05
A6: 292 | B6: 292 | C6: 512475203 | D6: ח.פ. | E6: דרך ארץ 11 | F6: 100075266 | G6: תאגיד | I6: ישראל | J6: ישראל | K6: תשתיות | L6: לא | M6: כן | N6: =_xlfn.XLOOKUP(F6,[1]הלוואות!$F:$F,[1]הלוואות!$N:$N) -> 90150711 | O6: 28/10/1999 | P6: Aaa.il | Q6: מידרוג Moodys | R6: הלוואה | S6: ILS | T6: 0.75 | U6: קבועה | V6: 0.067142 | W6: צמוד למדד המחירים לצרכן | X6: ריבית בנק ישראל | Y6: 0 | Z6: 0.0202 | AA6: 30/06/2027 | AB6: החוב לא נחות | AC6: תשתיות | AD6: 0 | AG6: כן | AH6: אחר | AI6: מימון הרחבת כביש 6 | AJ6: לא | AK6: חברת ציטוט | AL6: NFV | AM6: אי תלות | AN6: 30/06/2026 | AO6: 30/06/2026 | AQ6: 3633.15 | AR6: 156.64 | AS6: 1 | AT6: 5.69096 | AU6: 5.6909 | AX6: לא | AY6: שווי הוגן | AZ6: 0.0009127 | BA6: 1.11e-05
A7: 292 | B7: 292 | C7: 512475203 | D7: ח.פ. | E7: דרך ארץ 11 א | F7: 100072602 | G7: תאגיד | I7: ישראל | J7: ישראל | K7: תשתיות | L7: לא | M7: כן | N7: =_xlfn.XLOOKUP(F7,[1]הלוואות!$F:$F,[1]הלוואות!$N:$N) -> 90150511 | O7: 28/10/1999 | P7: Aaa.il | Q7: מידרוג Moodys | R7: הלוואה | S7: ILS | T7: 0.75 | U7: קבועה | V7: 0.067142 | W7: צמוד למדד המחירים לצרכן | X7: ריבית בנק ישראל | Y7: 0 | Z7: 0.0201 | AA7: 30/06/2027 | AB7: החוב לא נחות | AC7: תשתיות | AD7: 0 | AG7: כן | AH7: אחר | AI7: מימון הרחבת כביש 6 | AJ7: לא | AK7: חברת ציטוט | AL7: NFV | AM7: אי תלות | AN7: 30/06/2026 | AO7: 30/06/2026 | AQ7: 3633.24 | AR7: 155.17 | AS7: 1 | AT7: 5.63769 | AU7: 5.6376 | AX7: לא | AY7: שווי הוגן | AZ7: 0.0009041 | BA7: 1.1e-05
A8: 292 | B8: 292 | C8: 512475203 | D8: ח.פ. | E8: דרך ארץ 12 | F8: 100075340 | G8: תאגיד | I8: ישראל | J8: ישראל | K8: תשתיות | L8: לא | M8: כן | N8: =_xlfn.XLOOKUP(F8,[1]הלוואות!$F:$F,[1]הלוואות!$N:$N) -> 90150712 | O8: 28/10/1999 | P8: Aaa.il | Q8: מידרוג Moodys | R8: הלוואה | S8: ILS | T8: 0.75 | U8: קבועה | V8: 0.067142 | W8: צמוד למדד המחירים לצרכן | X8: ריבית בנק ישראל | Y8: 0 | Z8: 0.0203 | AA8: 30/06/2027 | AB8: החוב לא נחות | AC8: תשתיות | AD8: 0 | AG8: כן | AH8: אחר | AI8: מימון הרחבת כביש 6 | AJ8: לא | AK8: חברת ציטוט | AL8: NFV | AM8: אי תלות | AN8: 30/06/2026 | AO8: 30/06/2026 | AQ8: 2827.13 | AR8: 152.08 | AS8: 1 | AT8: 4.29949 | AU8: 4.2994 | AX8: לא | AY8: שווי הוגן | AZ8: 0.0006895 | BA8: 8.4e-06
A9: 292 | B9: 292 | C9: 512475203 | D9: ח.פ. | E9: דרך ארץ 12 א | F9: 100072784 | G9: תאגיד | I9: ישראל | J9: ישראל | K9: תשתיות | L9: לא | M9: כן | N9: =_xlfn.XLOOKUP(F9,[1]הלוואות!$F:$F,[1]הלוואות!$N:$N) -> 90150512 | O9: 28/10/1999 | P9: Aaa.il | Q9: מידרוג Moodys | R9: הלוואה | S9: ILS | T9: 0.75 | U9: קבועה | V9: 0.067142 | W9: צמוד למדד המחירים לצרכן | X9: ריבית בנק ישראל | Y9: 0 | Z9: 0.0201 | AA9: 30/06/2027 | AB9: החוב לא נחות | AC9: תשתיות | AD9: 0 | AG9: כן | AH9: אחר | AI9: מימון הרחבת כביש 6 | AJ9: לא | AK9: חברת ציטוט | AL9: NFV | AM9: אי תלות | AN9: 30/06/2026 | AO9: 30/06/2026 | AQ9: 2827.09 | AR9: 150.65 | AS9: 1 | AT9: 4.25901 | AU9: 4.259 | AX9: לא | AY9: שווי הוגן | AZ9: 0.000683 | BA9: 8.3e-06
A10: 292 | B10: 292 | C10: 512475203 | D10: ח.פ. | E10: דרך ארץ 13 | F10: 100075423 | G10: תאגיד | I10: ישראל | J10: ישראל | K10: תשתיות | L10: לא | M10: כן | N10: =_xlfn.XLOOKUP(F10,[1]הלוואות!$F:$F,[1]הלוואות!$N:$N) -> 90150713 | O10: 28/10/1999 | P10: Aaa.il | Q10: מידרוג Moodys | R10: הלוואה | S10: ILS | T10: 0.75 | U10: קבועה | V10: 0.067142 | W10: צמוד למדד המחירים לצרכן | X10: ריבית בנק ישראל | Y10: 0 | Z10: 0.0203 | AA10: 30/06/2027 | AB10: החוב לא נחות | AC10: תשתיות | AD10: 0 | AG10: כן | AH10: אחר | AI10: מימון הרחבת כביש 6 | AJ10: לא | AK10: חברת ציטוט | AL10: NFV | AM10: אי תלות | AN10: 30/06/2026 | AO10: 30/06/2026 | AQ10: 3517.3 | AR10: 149.69 | AS10: 1 | AT10: 5.26504 | AU10: 5.265 | AX10: לא | AY10: שווי הוגן | AZ10: 0.0008444 | BA10: 1.03e-05
A11: 292 | B11: 292 | C11: 512475203 | D11: ח.פ. | E11: דרך ארץ 13 א | F11: 100073287 | G11: תאגיד | I11: ישראל | J11: ישראל | K11: תשתיות | L11: לא | M11: כן | N11: =_xlfn.XLOOKUP(F11,[1]הלוואות!$F:$F,[1]הלוואות!$N:$N) -> 90150513 | O11: 28/10/1999 | P11: Aaa.il | Q11: מידרוג Moodys | R11: הלוואה | S11: ILS | T11: 0.75 | U11: קבועה | V11: 0.067142 | W11: צמוד למדד המחירים לצרכן | X11: ריבית בנק ישראל | Y11: 0 | Z11: 0.0201 | AA11: 30/06/2027 | AB11: החוב לא נחות | AC11: תשתיות | AD11: 0 | AG11: כן | AH11: אחר | AI11: מימון הרחבת כביש 6 | AJ11: לא | AK11: חברת ציטוט | AL11: NFV | AM11: אי תלות | AN11: 30/06/2026 | AO11: 30/06/2026 | AQ11: 3517.26 | AR11: 148.28 | AS11: 1 | AT11: 5.21539 | AU11: 5.2153 | AX11: לא | AY11: שווי הוגן | AZ11: 0.0008364 | BA11: 1.02e-05
A12: 292 | B12: 292 | C12: 512475203 | D12: ח.פ. | E12: דרך ארץ 14 | F12: 100075597 | G12: תאגיד | I12: ישראל | J12: ישראל | K12: תשתיות | L12: לא | M12: כן | N12: =_xlfn.XLOOKUP(F12,[1]הלוואות!$F:$F,[1]הלוואות!$N:$N) -> 90150714 | O12: 28/10/1999 | P12: Aaa.il | Q12: מידרוג Moodys | R12: הלוואה | S12: ILS | T12: 0.75 | U12: קבועה | V12: 0.067142 | W12: צמוד למדד המחירים לצרכן | X12: ריבית בנק ישראל | Y12: 0 | Z12: 0.0203 | AA12: 30/06/2027 | AB12: החוב לא נחות | AC12: תשתיות | AD12: 0 | AG12: כן | AH12: אחר | AI12: מימון הרחבת כביש 6 | AJ12: לא | AK12: חברת ציטוט | AL12: NFV | AM12: אי תלות | AN12: 30/06/2026 | AO12: 30/06/2026 | AQ12: 3387.02 | AR12: 149.42 | AS12: 1 | AT12: 5.06088 | AU12: 5.0608 | AX12: לא | AY12: שווי הוגן | AZ12: 0.0008116 | BA12: 9.9e-06
A13: 292 | B13: 292 | C13: 512475203 | D13: ח.פ. | E13: דרך ארץ 14 א | F13: 100073360 | G13: תאגיד | I13: ישראל | J13: ישראל | K13: תשתיות | L13: לא | M13: כן | N13: =_xlfn.XLOOKUP(F13,[1]הלוואות!$F:$F,[1]הלוואות!$N:$N) -> 90150514 | O13: 28/10/1999 | P13: Aaa.il | Q13: מידרוג Moodys | R13: הלוואה | S13: ILS | T13: 0.75 | U13: קבועה | V13: 0.067142 | W13: צמוד למדד המחירים לצרכן | X13: ריבית בנק ישראל | Y13: 0 | Z13: 0.0201 | AA13: 30/06/2027 | AB13: החוב לא נחות | AC13: תשתיות | AD13: 0 | AG13: כן | AH13: אחר | AI13: מימון הרחבת כביש 6 | AJ13: לא | AK13: חברת ציטוט | AL13: NFV | AM13: אי תלות | AN13: 30/06/2026 | AO13: 30/06/2026 | AQ13: 3387.05 | AR13: 148.01 | AS13: 1 | AT13: 5.01317 | AU13: 5.0131 | AX13: לא | AY13: שווי הוגן | AZ13: 0.000804 | BA13: 9.8e-06
... A39: 292 | B39: 292 | C39: 512475203 | D39: ח.פ. | E39: דרך ארץ 9 א | F39: 100072453 | G39: תאגיד | I39: ישראל | J39: ישראל | K39: תשתיות | L39: לא | M39: כן | N39: =_xlfn.XLOOKUP(F39,[1]הלוואות!$F:$F,[1]הלוואות!$N:$N) -> 90150509 | O39: 28/10/1999 | P39: Aaa.il | Q39: מידרוג Moodys | R39: הלוואה | S39: ILS | T39: 0.75 | U39: קבועה | V39: 0.067142 | W39: צמוד למדד המחירים לצרכן | X39: ריבית בנק ישראל | Y39: 0 | Z39: 0.0201 | AA39: 30/06/2027 | AB39: החוב לא נחות | AC39: תשתיות | AD39: 0 | AG39: כן | AH39: אחר | AI39: מימון הרחבת כביש 6 | AJ39: לא | AK39: חברת ציטוט | AL39: NFV | AM39: אי תלות | AN39: 30/06/2026 | AO39: 30/06/2026 | AQ39: 7377.79 | AR39: 157.45 | AS39: 1 | AT39: 11.61633 | AU39: 11.6163 | AX39: לא | AY39: שווי הוגן | AZ39: 0.001863 | BA39: 2.27e-05
A40: 292 | B40: 292 | D40: אחר | E40: הלואות עמיתים | F40: 100336395 | G40: עמית/מבוטח | I40: ישראל | J40: אחר | K40: אחר | L40: לא | M40: לא | O40: 16/02/2026 | P40: AA+ | Q40: פנימי | R40: הלוואה | S40: ILS | T40: 1.6723811 | U40: משתנה | V40: 0.051873951 | Y40: 0 | Z40: 0.051720002 | AB40: החוב לא נחות | AC40: חסכון עמיתים/מבוטחים | AD40: 0 | AE40: 0 | AJ40: לא | AK40: דיווח מנהל הקרן | AM40: אי תלות | AN40: 30/06/2026 | AO40: 30/06/2026 | AQ40: 5680550 | AR40: 106.91 | AS40: 1 | AT40: 6073.076 | AU40: 6073.076 | AX40: לא | AY40: שווי הוגן | AZ40: 0.9739721 | BA40: 0.0118765
A41: 292 | B41: 1454
A42: 292 | B42: 1455

Sheet לא סחיר מוצרים מובנים
A1: מספר קופה/קרן/ח.פ. עבור חברת ביטוח | B1: מספר מסלול | C1: שם מנפיק | D1: מספר מנפיק | E1: סוג מספר מזהה מנפיק | F1: שם נייר ערך | G1: מספר נייר ערך | H1: סוג מספר נייר ערך | I1: מאפיין עיקרי | J1: ישראל/חו"ל | K1: מדינה לפי חשיפה כלכלית | L1: בעל עניין/צד קשור | M1: נכס בסיס | N1: תאריך רכישה | O1: דירוג | P1: שם מדרג | Q1: דירוג נייר הערך/המנפיק | R1: מטבע פעילות | S1: מח"מ | T1: שיעור ריבית | U1: תשואה לפדיון | V1: סוג גורם משערך | W1: תלות/אי-תלות המשערך | X1: תאריך שערוך אחרון | Y1: ערך נקוב (יחידות) | Z1: שער חליפין | AA1: שער נייר הערך | AB1: שווי הוגן (באלפי ש"ח) | AC1: שיעור מנכסי אפיק ההשקעה | AD1: שיעור מסך נכסי ההשקעה
A2: 292 | B2: 292
A3: 292 | B3: 1454
A4: 292 | B4: 1455

Sheet פיקדונות מעל 3 חודשים
A1: מספר קופה/קרן/ח.פ. עבור חברת ביטוח | B1: מספר מסלול | C1: שם הבנק | D1: מספר מזהה בנק | E1: סוג מספר מזהה בנק | F1: מאפיין עיקרי | G1: תאריך פקיעת פיקדון | H1: ישראל/חו"ל | I1: מדינה לפי חשיפה כלכלית | J1: בעל עניין/צד קשור | K1: דירוג הבנק | L1: שם מדרג | M1: מטבע פעילות | N1: מח"מ | O1: שיעור ריבית | P1: תשואה לפדיון | Q1: שווי מטבעי | R1: שער חליפין | S1: שער פיקדון | T1: שווי הוגן (באלפי ש"ח) | U1: שיעור מנכסי אפיק ההשקעה | V1: שיעור מסך נכסי ההשקעה
A2: 292 | B2: 292
A3: 292 | B3: 1454
A4: 292 | B4: 1455

Sheet זכויות מקרקעין
A1: מספר קופה/קרן/ח.פ. עבור חברת ביטוח | B1: מספר מסלול | C1: שם הנכס | D1: מאפיין עיקרי | E1: מדינת מיקום נדל"ן | F1: בעל עניין/צד קשור | G1: תאריך רכישה | H1: שימוש עיקרי בנכס | I1: מחזור חיי הנכס | J1: כתובת הנכס | K1: שיעור תשואה בפועל במהלך הרבעון | L1: השיטה שבאמצעותה נקבע שווי הנכס | M1: סוג גורם משערך | N1: שם גורם משערך | O1: תלות/אי-תלות המשערך | P1: תאריך שערוך אחרון | Q1: מטבע פעילות | R1: שווי הוגן (במטבע הפעילות) | S1: שווי הוגן (באלפי ש"ח) | T1: עלות מופחתת (באלפי ש"ח) | U1: עלות מופחתת (במטבע הפעילות) | V1: השיטה שיושמה בדוח הכספי | W1: שיעור מנכסי אפיק ההשקעה | X1: שיעור מסך נכסי ההשקעה
A2: 292 | B2: 292
A3: 292 | B3: 1454
A4: 292 | B4: 1455

Sheet השקעה בחברות מוחזקות
A1: מספר קופה/קרן/ח.פ. עבור חברת ביטוח | B1: מספר מסלול | C1: שם מנפיק | D1: מספר מנפיק | E1: סוג מספר מזהה מנפיק | F1: שם נייר ערך | G1: מספר נייר ערך | H1: סוג מספר נייר ערך | I1: מאפיין עיקרי | J1: ישראל/חו"ל | K1: מדינה לפי חשיפה כלכלית | L1: ענף מסחר | M1: בעל עניין/צד קשור | N1: מטבע פעילות | O1: סוג גורם משערך | P1: תלות/אי-תלות המשערך | Q1: תאריך שערוך אחרון | R1: תאריך אחרון בו נבחנה בפועל ירידת ערך | S1: שיעור אחזקה באמצעי שליטה | T1: שווי מאזני (באלפי ש"ח) | U1: שווי הוגן (באלפי ש"ח) | V1: שיעור מנכסי אפיק ההשקעה | W1: שיעור מסך נכסי ההשקעה
A2: 292 | B2: 292
A3: 292 | B3: 1454
A4: 292 | B4: 1455

Sheet נכסים אחרים
A1: מספר קופה/קרן/ח.פ. עבור חברת ביטוח | B1: מספר מסלול | C1: שם הנכס האחר | D1: מספר הנכס האחר | E1: מאפיין עיקרי | F1: ישראל/חו"ל | G1: מדינה לפי חשיפה כלכלית | H1: בעל עניין/צד קשור | I1: תאריך עסקה | J1: מטבע פעילות | K1: תאריך שערוך אחרון | L1: שווי מטבעי | M1: שער חליפין | N1: שווי הוגן (באלפי ש"ח) | O1: עלות מופחתת (באלפי ש"ח) | P1: השיטה שיושמה בדוח הכספי | Q1: שיעור מנכסי אפיק ההשקעה | R1: שיעור מסך נכסי ההשקעה
A2: 292 | B2: 292
A3: 292 | B3: 1454
A4: 292 | B4: 1455

Sheet מסגרות אשראי
A1: מספר קופה/קרן/ח.פ. עבור חברת ביטוח | B1: מספר מסלול | C1: מספר מזהה לווה | D1: סוג מספר מזהה לווה | E1: שם הלוואה | F1: מספר הלוואה | G1: תאריך העמדת מסגרת אשראי | H1: ישראל/חו"ל | I1: מדינה לפי חשיפה כלכלית | J1: בעל עניין/צד קשור | K1: דירוג | L1: שם מדרג | M1: דירוג הלוואה/המנפיק | N1: מטבע פעילות | O1: שער חליפין | P1: שיעור ריבית | Q1: סוג הריבית | R1: סכום מסגרת האשראי הראשוני (במטבע הפעילות) | S1: סכום מסגרת האשראי הראשוני (באלפי ש"ח) | T1: שיעור יתרת מסגרת אשראי
A2: 292 | B2: 292
A3: 292 | B3: 1454
A4: 292 | B4: 1455

Sheet יתרות התחייבות להשקעה
A1: מספר קופה/קרן/ח.פ. עבור חברת ביטוח | B1: מספר מסלול | C1: מאפיין עיקרי | D1: שם שותף כללי קרן השקעות | E1: מספר מזהה שותף כללי קרן השקעות | F1: סוג מספר מזהה שותף כללי קרן השקעות | G1: שם קרן השקעה | H1: מספר מזהה קרן השקעה | I1: סוג מספר מזהה קרן השקעות | J1: מטבע פעילות | K1: תאריך העמדת התחייבות לקרן השקעה | L1: סכום המחויבות הראשוני (במטבע הדיווח של קרן ההשקעה) | M1: סכום המחויבות הראשוני (באלפי ש"ח) | N1: יתרת המחויבות לתקופת הדיווח (במטבע הדיווח של קרן ההשקעה) | O1: יתרת המחויבות לתקופת הדיווח (באלפי ש"ח) | P1: שיעור יתרת המחויבות | Q1: תאריך פקיעת מחויבות להשקעה
A2: 292 | B2: 292 | C2: התחייבות להשקעה | D2: אלקטרה נדל"ן | E2: 510607328 | F2: ח.פ. | G2: אלקטרה נדל"ן 3 | H2: 62019930 | I2: פנימי | J2: ILS | K2: 44044 | L2: 750 | M2: 2250 | N2: 189.544 | O2: 564.46203 | P2: 0.2965645 | Q2: 45626
A3: 292 | B3: 292 | C3: התחייבות להשקעה | D3: פימי | E3: 514057074 | F3: ח.פ. | G3: פימי 4 | H3: 62018148 | I3: פנימי | J3: USD | K3: 39661 | L3: 330 | M3: 1044.45 | N3: 63.795 | O3: 189.98151 | P3: 0.19331818 | Q3: 31/12/2023
A4: 292 | B4: 292 | C4: התחייבות להשקעה | D4: פורטיסימו | E4: 530232164 | F4: ח.פ. | G4: FORTISSIMO CAPITAL FUND II LP | H4: 62019351 | I4: פנימי | J4: USD | K4: 39610 | L4: 180 | M4: 569.7 | N4: 10.8 | O4: 32.1624 | P4: 0.06 | Q4: 44936
A5: 292 | B5: 292 | C5: התחייבות להשקעה | D5: וינטאג' 5 אקסס | E5: 98-1017947 | F5: מספר תאגיד או שותפות בחו"ל | G5: VINTAGE FOF V ISRAEL | H5: 62015334 | I5: פנימי | J5: USD | K5: 43405 | L5: 625 | M5: 1978.125 | N5: 18.75 | O5: 55.8375 | P5: 0.030632 | Q5: 31/07/2031
A6: 292 | B6: 292 | C6: התחייבות להשקעה | D6: פרופימקס | E6: 514567692 | F6: ח.פ. | G6: פרופימיקס | H6: 62019419 | I6: פנימי | J6: USD | K6: 18/12/2007 | L6: 128.672 | M6: 407.24688 | N6: 36.08803 | O6: 107.47015 | P6: 0.28046529 | Q6: 31/12/2023
A7: 292 | B7: 292 | C7: התחייבות להשקעה | D7: תשתיות ישראל | E7: 516183548 | F7: ח.פ. | G7: תשתיות ישראל 4 | H7: 62019955 | I7: פנימי | J7: USD | K7: 44105 | L7: 500 | M7: 1582.5 | N7: 9.153 | O7: 27.257634 | P7: 0.14 | Q7: 31/03/2030
A8: 292 | B8: 292 | C8: התחייבות להשקעה | D8: Harbourvest Partners LLC | E8: 801-53287 | F8: מספר תאגיד או שותפות בחו"ל | G8: DOVER STREET X LP | H8: 62019880 | I8: פנימי | J8: USD | K8: 43831 | L8: 750 | M8: 2373.75 | N8: 154.657 | O8: 460.56855 | P8: 0.17198933 | Q8: 31/12/2029
A9: 292 | B9: 292 | C9: התחייבות להשקעה | D9: מדיקה | E9: 530222025 | F9: ח.פ. | G9: מדיקה 3 | H9: 62019369 | I9: פנימי | J9: USD | K9: 43466 | L9: 67 | M9: 201 | N9: -0.026 | O9: -0.077428 | P9: 0.01542963 | Q9: 43008
A10: 292 | B10: 292 | C10: התחייבות להשקעה | D10: המילטון ליין | E10: 515527968 | F10: ח.פ. | G10: Hamilton Lane Co-Investment Offshor | H10: 62019906 | I10: פנימי | J10: USD | K10: 43586 | L10: 750 | M10: 2373.75 | N10: 217.655 | O10: 648.17659 | P10: 0.20618133 | Q10: 30/04/2029
A11: 292 | B11: 292 | C11: התחייבות להשקעה | D11: Plenus Management III L.P. | E11: 550227904 | F11: ח.פ. | G11: פלנוס 3 | H11: 62019336 | I11: פנימי | J11: USD | K11: 39302 | L11: 144 | M11: 455.76 | N11: -20.723 | O11: -61.713094 | P11: 0.037497143 | Q11: 44592
A12: 292 | B12: 292 | C12: התחייבות להשקעה | D12: Plenus Management IV L.P. | E12: 550227904 | F12: ח.פ. | G12: פלנוס מזנין קרן השקעה | H12: 9840922 | I12: פנימי | J12: USD | K12: 39083 | L12: 139.179 | M12: 440.50153 | N12: 4.586 | O12: 13.657108 | P12: 0.032950373 | Q12: 31/12/2023
A13: 292 | B13: 292 | C13: התחייבות להשקעה | D13: פימי אופרטוניטי | E13: 514057074 | F13: ח.פ. | G13: פימי 2 קרן השקעות | H13: 9840907 | I13: פנימי | J13: USD | K13: 38635 | L13: 222 | M13: 702.63 | N13: 28.432 | O13: 84.670496 | P13: 0.12807207 | Q13: 31/12/2023
A14: 292 | B14: 292 | C14: התחייבות להשקעה | D14: WINDIN | E14: 516177821 | F14: ח.פ. | G14: WINDIN CAPITAL FUND LP | H14: 62019922 | I14: פנימי | J14: EUR | K14: 44013 | L14: 435 | M14: 1581.66 | N14: 142.01 | O14: 205.07872 | P14: 0.32645977 | Q14: 30/06/2030
A15: 292 | B15: 292 | C15: התחייבות להשקעה | D15: פורמה | E15: 515527968 | F15: ח.פ. | G15: FORMA FUND | H15: 62019898 | I15: פנימי | J15: EUR | K15: 42948 | L15: 270 | M15: 981.72 | N15: 4.166 | O15: 14.141487 | P15: 0.01542963 | Q15: 31/07/2025
A16: 292 | B16: 292 | C16: התחייבות להשקעה | D16: יסודות נדל"ן | E16: 540290103 | F16: ח.פ. | G16: יסודות נדל"ן ג' פיתוח ושותפות | H16: 500004050 | I16: פנימי | J16: ILS | K16: 43800 | L16: 2000 | M16: 2000 | N16: 593.129 | O16: 593.129 | P16: 0.2965645 | Q16: 30/11/2027
A17: 292 | B17: 1454
A18: 292 | B18: 1455

Sheet אפשרויות בחירה
A1: שם גיליון (רלוונטי לגיליונות עם עמודה "מאפיין עיקרי") | B1: שם עמודה | C1: אפשרות בחירה | D1: הערות והסברים
B2: ישראל/חו"ל | C2: ישראל
C3: חו"ל
B4: מדינה לפי חשיפה כלכלית; מדינת התאגדות קרן השקעה, מיקום משרד השותף הכללי, מדינת מיקום נדל"ן | C4: ישראל
C5: אוסטריה
C6: אוסטרליה
C7: אזור תעלת פנמה
C8: אזרביג'אן
C9: איחוד האמירויות הערביות
C10: איטליה
C11: איי הבתולה הבריטיים | E11: נוסף במסגרת עדכון הרשימה
C12: איי הבתולה של ארצות הברית | E12: נוסף במסגרת עדכון הרשימה
C13: איי סיישל
C14: איי קיימן
C15: איי שלמה הבריטיים
C16: איסלנד
C17: אירלנד
C18: אנדורה
C19: אסטוניה
C20: ארגנטינה
C21: ארה"ב
C22: אתיופיה
C23: בהמס
C24: בולגריה
... C35: גרמניה
C36: ג'רזי (Jersey) | E36: נוסף במסגרת עדכון הרשימה
C37: גרנזי (Guernsey) | E37: נוסף במסגרת עדכון הרשימה
C38: דנמרק
C39: דרום אפריקה
C40: דרום קוריאה | E40: נוסף במסגרת עדכון הרשימה
C41: הודו
C42: הולנד
C43: הונג קונג
C44: הונגריה
C45: הונדורס
C46: טייוואן | E46: נוסף במסגרת עדכון הרשימה
C47: יוון
C48: יפן
C49: ירדן
C50: לוכסמבורג
C51: לטביה
C52: ליטא
C53: ליכטנשטיין
C54: מאוריציוס
C55: מולדובה
C56: מונקו
C57: מלדיבים
C58: מלטה
... C62: מרוקו
C63: נורבגיה | E63: נוסף במסגרת עדכון הרשימה
C64: ניו זילנד
C65: סין
C66: סינגפור
C67: סלובניה
C68: סלובקיה
C69: ספרד
C70: סרביה
C71: ערב הסעודית
C72: פולין
C73: פורטוגל
C74: פינלנד
C75: פנמה
... C93: גלובלי
C94: Emerging Markets - Americas | D94: שווקים מתעוררים לפי הגדרת MSCI | E94: נוסף במסגרת עדכון הרשימה
C95: Emerging Markets - Euope, Middle East & Africa | D95: לפי הגדרת MSCI | E95: נוסף במסגרת עדכון הרשימה
C96: Emerging Markets - Asia | D96: לפי הגדרת MSCI | E96: נוסף במסגרת עדכון הרשימה
C97: Developed Markets - Americas | D97: לפי הגדרת MSCI | E97: נוסף במסגרת עדכון הרשימה
C98: Developed Markets - Europe | D98: לפי הגדרת MSCI | E98: נוסף במסגרת עדכון הרשימה
C99: Developed Markets - Pacific | D99: לפי הגדרת MSCI | E99: נוסף במסגרת עדכון הרשימה
C100: Frontier Markets - Euope | D100: לפי הגדרת MSCI | E100: נוסף במסגרת עדכון הרשימה
C101: Frontier Markets - Africa | D101: לפי הגדרת MSCI | E101: נוסף במסגרת עדכון הרשימה
C102: Frontier Markets - Middle East | D102: לפי הגדרת MSCI | E102: נוסף במסגרת עדכון הרשימה
C103: Frontier Markets - Asia | D103: לפי הגדרת MSCI | E103: נוסף במסגרת עדכון הרשימה
B104: סוג מספר מזהה מנפיק | C104: ח.פ.
C105: מספר מנפיק
C106: מספר שותפות
C107: מספר תאגיד או שותפות בחו"ל
C108: פנימי
C109: LEI
C110: אחר
B111: סוג מספר מזהה בנק | C111: ח.פ.
C112: סימול בנק
C113: SWIFT
B114: סוג מספר מזהה מנהל קרן השקעות | C114: ח.פ.
C115: מספר שותפות
C116: מספר תאגיד או שותפות בחו"ל
C117: LEI
B118: סוג מספר מזהה לווה | C118: ח.פ.
C119: מרשם
C120: מספר תאגיד או שותפות בחו"ל
C121: פנימי
C122: מספר שותפות
C123: ת"ז
C124: דרכון
C125: LEI
C126: אחר
B127: סוג מספר נייר ערך | C127: ISIN
C128: OCC
C129: FIGI
C130: טיקר
...

Sheet מיפוי סעיפים
A1: שם גיליון | B1: שם סעיף | C1: מספר סעיף | D1: מידע שניתן לדווח רק לרשות
A2: מזומנים ושווי מזומנים | B2: מספר קופה/קרן/ח.פ. עבור חברת ביטוח | C2: 5.1
A3: מזומנים ושווי מזומנים | B3: מספר מסלול | C3: 5.2
A4: מזומנים ושווי מזומנים | B4: שם הבנק | C4: 5.4
A5: מזומנים ושווי מזומנים | B5: מספר מזהה בנק | C5: 5.7
A6: מזומנים ושווי מזומנים | B6: סוג מספר מזהה בנק | C6: 5.11
A7: מזומנים ושווי מזומנים | B7: מאפיין עיקרי | C7: 5.26
A8: מזומנים ושווי מזומנים | B8: ישראל/חו"ל | C8: 5.27
A9: מזומנים ושווי מזומנים | B9: בעל עניין/צד קשור | C9: 5.36
A10: מזומנים ושווי מזומנים | B10: דירוג הבנק | C10: 5.5
A11: מזומנים ושווי מזומנים | B11: שם מדרג | C11: 5.51
A12: מזומנים ושווי מזומנים | B12: מטבע פעילות | C12: 5.53
A13: מזומנים ושווי מזומנים | B13: שווי מטבעי | C13: 5.59
A14: מזומנים ושווי מזומנים | B14: שער חליפין | C14: 5.54
A15: מזומנים ושווי מזומנים | B15: שיעור ריבית | C15: 5.7 | D15: ü
A16: מזומנים ושווי מזומנים | B16: שווי הוגן (באלפי ש"ח) | C16: 5.63
A17: מזומנים ושווי מזומנים | B17: שיעור מנכסי אפיק ההשקעה | C17: 5.47
A18: מזומנים ושווי מזומנים | B18: שיעור מסך נכסי ההשקעה | C18: 5.48
A19: מזומנים ושווי מזומנים
A20: איגרות חוב ממשלתיות | B20: מספר קופה/קרן/ח.פ. עבור חברת ביטוח | C20: 5.1
A21: איגרות חוב ממשלתיות | B21: מספר מסלול | C21: 5.2
A22: איגרות חוב ממשלתיות | B22: שם מנפיק | C22: 5.3
A23: איגרות חוב ממשלתיות | B23: שם נייר ערך | C23: 5.14
A24: איגרות חוב ממשלתיות | B24: מספר נייר ערך | C24: 5.19
A25: איגרות חוב ממשלתיות | B25: מאפיין עיקרי | C25: 5.26
A26: איגרות חוב ממשלתיות | B26: ישראל/חו"ל | C26: 5.27
A27: איגרות חוב ממשלתיות | B27: מדינה לפי חשיפה כלכלית | C27: 5.28
A28: איגרות חוב ממשלתיות | B28: זירת מסחר | C28: 5.3
A29: איגרות חוב ממשלתיות | B29: דירוג | C29: 5.49
A30: איגרות חוב ממשלתיות | B30: שם מדרג | C30: 5.51
A31: איגרות חוב ממשלתיות | B31: מטבע פעילות | C31: 5.53
... A45: איגרות חוב ממשלתיות | B45: שיעור מסך נכסי ההשקעה | C45: 5.48
A46: איגרות חוב ממשלתיות
A47: ניירות ערך מסחריים | B47: מספר קופה/קרן/ח.פ. עבור חברת ביטוח | C47: 5.1
A48: ניירות ערך מסחריים | B48: מספר מסלול | C48: 5.2
A49: ניירות ערך מסחריים | B49: שם מנפיק | C49: 5.3
A50: ניירות ערך מסחריים | B50: מספר מנפיק | C50: 5.6
A51: ניירות ערך מסחריים | B51: סוג מספר מזהה מנפיק | C51: 5.1
A52: ניירות ערך מסחריים | B52: שם נייר ערך | C52: 5.14
A53: ניירות ערך מסחריים | B53: מספר נייר ערך | C53: 5.19
A54: ניירות ערך מסחריים | B54: סוג מספר נייר ערך | C54: 5.24
A55: ניירות ערך מסחריים | B55: מאפיין עיקרי | C55: 5.26
A56: ניירות ערך מסחריים | B56: ישראל/חו"ל | C56: 5.27
A57: ניירות ערך מסחריים | B57: מדינה לפי חשיפה כלכלית | C57: 5.28
A58: ניירות ערך מסחריים | B58: זירת מסחר | C58: 5.3
... A70: ניירות ערך מסחריים | B70: נחיתות חוזית | C70: 5.76
A71: ניירות ערך מסחריים | B71: האם סווג כחוב בעייתי | C71: 5.89 | D71: ü
A72: ניירות ערך מסחריים | B72: ערך נקוב (יחידות) | C72: 5.58
A73: ניירות ערך מסחריים | B73: סכום לקבל (במטבע הפעילות) | C73: 5.62
A74: ניירות ערך מסחריים | B74: שער חליפין | C74: 5.54
A75: ניירות ערך מסחריים | B75: שער נייר הערך | C75: 5.55
A76: ניירות ערך מסחריים | B76: שווי הוגן (באלפי ש"ח) | C76: 5.63
A77: ניירות ערך מסחריים | B77: עלות מופחתת (באלפי ש"ח) | C77: 5.65
A78: ניירות ערך מסחריים | B78: עלות מופחתת (במטבע הפעילות) | C78: 5.66
A79: ניירות ערך מסחריים | B79: השיטה שיושמה בדוח הכספי | C79: 5.68
A80: ניירות ערך מסחריים | B80: שיעור מערך נקוב מונפק | C80: 5.45
A81: ניירות ערך מסחריים | B81: שיעור מנכסי אפיק ההשקעה | C81: 5.47
A82: ניירות ערך מסחריים | B82: שיעור מסך נכסי ההשקעה | C82: 5.48
A83: ניירות ערך מסחריים
A84: איגרות חוב | B84: מספר קופה/קרן/ח.פ. עבור חברת ביטוח | C84: 5.1
A85: איגרות חוב | B85: מספר מסלול | C85: 5.2
A86: איגרות חוב | B86: שם מנפיק | C86: 5.3
A87: איגרות חוב | B87: מספר מנפיק | C87: 5.6
A88: איגרות חוב | B88: סוג מספר מזהה מנפיק | C88: 5.1
A89: איגרות חוב | B89: שם נייר ערך | C89: 5.14
A90: איגרות חוב | B90: מספר נייר ערך | C90: 5.19
A91: איגרות חוב | B91: סוג מספר נייר ערך | C91: 5.24
A92: איגרות חוב | B92: מאפיין עיקרי | C92: 5.26
A93: איגרות חוב | B93: ישראל/חו"ל | C93: 5.27
A94: איגרות חוב | B94: מדינה לפי חשיפה כלכלית | C94: 5.28
A95: איגרות חוב | B95: סטאטוס סחירות | C95: 5.29
... A107: איגרות חוב | B107: נחיתות חוזית | C107: 5.76
A108: איגרות חוב | B108: האם סווג כחוב בעייתי | C108: 5.89 | D108: ü
A109: איגרות חוב | B109: ערך נקוב (יחידות) | C109: 5.58
A110: איגרות חוב | B110: סכום לקבל (במטבע הפעילות) | C110: 5.62
A111: איגרות חוב | B111: שער חליפין | C111: 5.54
A112: איגרות חוב | B112: שער נייר הערך | C112: 5.55
A113: איגרות חוב | B113: עלות מופחתת (באלפי ש"ח) | C113: 5.65
A114: איגרות חוב | B114: עלות מופחתת (במטבע הפעילות) | C114: 5.66
A115: איגרות חוב | B115: השיטה שיושמה בדוח הכספי | C115: 5.68
A116: איגרות חוב | B116: שיעור מערך נקוב מונפק | C116: 5.45
A117: איגרות חוב | B117: שיעור מנכסי אפיק ההשקעה | C117: 5.47
A118: איגרות חוב | B118: שיעור מסך נכסי ההשקעה | C118: 5.48
A119: איגרות חוב
A120: מניות, מב"כ ויה"ש | B120: מספר קופה/קרן/ח.פ. עבור חברת ביטוח | C120: 5.1
A121: מניות, מב"כ ויה"ש | B121: מספר מסלול | C121: 5.2
A122: מניות, מב"כ ויה"ש | B122: שם מנפיק | C122: 5.3
A123: מניות, מב"כ ויה"ש | B123: מספר מנפיק | C123: 5.6
A124: מניות, מב"כ ויה"ש | B124: סוג מספר מזהה מנפיק | C124: 5.1
A125: מניות, מב"כ ויה"ש | B125: שם נייר ערך | C125: 5.14
A126: מניות, מב"כ ויה"ש | B126: מספר נייר ערך | C126: 5.19
A127: מניות, מב"כ ויה"ש | B127: סוג מספר נייר ערך | C127: 5.24
A128: מניות, מב"כ ויה"ש | B128: מאפיין עיקרי | C128: 5.26
A129: מניות, מב"כ ויה"ש | B129: ישראל/חו"ל | C129: 5.27
A130: מניות, מב"כ ויה"ש | B130: מדינה לפי חשיפה כלכלית | C130: 5.28
A131: מניות, מב"כ ויה"ש | B131: סטאטוס סחירות | C131: 5.29
... A143: מניות, מב"כ ויה"ש | B143: שיעור מסך נכסי ההשקעה | C143: 5.48
A144: מניות, מב"כ ויה"ש
A145: קרנות סל | B145: מספר קופה/קרן/ח.פ. עבור חברת ביטוח | C145: 5.1
A146: קרנות סל | B146: מספר מסלול | C146: 5.2
...

Sheet File Name Info
A2: סוג קובץ
A3: נכסי מבוטחים - חברת ביטוח | B3: in
A4: נכסי עמיתים - קופות גמל | B4: gm
A5: נכסי עמיתים - קרנות פנסיה | B5: pn
A6: נכסי אפיק השקעה מובטח תשואה | B6: ca
A7: נכסי נוסטרו - חברת ביטוח | B7: ni
A8: נכסי נוסטרו - חברה מנהלת | B8: nf
A10: יעוד הקובץ
A11: לממונה
A12: לציבור | B12: p
A15: רבעון
A16: 01
A17: 02
A18: 03
A19: 04
A21: שנה
A22: 2022 | B22: 22
A23: 2023 | B23: 23
A24: 2024 | B24: 24
A25: 2025 | B25: 25
A26: 2026 | B26: 26
A27: 2027 | B27: 27
A28: 2028 | B28: 28
A29: 2029 | B29: 29
A30: 2030 | B30: 30
A31: 2031 | B31: 31
A34: שם גוף מוסדי | B34: ח.פ.
A35: אי. אם. איי - עזר חברה לביטוח משכנתאות בע"מ | B35: 512310509
A36: איי. די. איי. חברה לביטוח בע"מ | B36: 513910703
A37: איי.אי.ג'י חברה לביטוח בע"מ | B37: 512304882
A38: איילון חברה לביטוח בע"מ | B38: 520030677
A39: אינפיניטי השתלמות, גמל ופנסיה בע"מ | B39: 513621110
A40: אלטשולר שחם גמל ופנסיה בע"מ | B40: 513173393
A41: אנליסט קופות גמל בע"מ | B41: 511880460
A42: ארם גמולים - חברה לניהול קופות גמל בע''מ | B42: 510773922
A43: אשרא - החברה הישראלית לביטוח יצוא בע"מ | B43: 520021916
A44: ב.ס.ס.ח. - החברה הישראלית לביטוח אשראי בע"מ | B44: 520044025
A45: ביטוח חקלאי אגודה מרכזית בע"מ | B45: 570003152
A46: גילעד גימלאות לעובדים דתיים בע"מ | B46: 520023094
... A121: תגמולים של עובדים בעירית ת"א-יפו א.ש. בע"מ | B121: 570002618
